Cogmind - Beta 17.1 @@@ ROGUE MODE // 2026.08.24 @ 23:23:29 Player: Alicianrone Result: Destroyed by A6 with Enhanced Force Lance Performance ------------- Evolutions (9) 4500 Regions Visited (34) 6800 Robots Destroyed (1096) 5480 Value Destroyed (63666) 63666 Prototype IDs (393) 7860 Alien Tech Used (10) 2000 Bonus (76702) 76702 TOTAL SCORE: 167008 Bonus ------- Triggered High Security 1500 High Alert Combat Kills 41420 Follower Combat Kills 3710 Hunted by Unchained 1500 Destroyed Unchained 1000 Forged Quantum Companion 2000 Registered with UFD 300 Met Optimus in HQ 500 Met Data Miner 300 Met Zhirov 300 Met Warlord at Base 500 MAIN.C Attacked Warlord 500 Warlord Defense Kills 2372 MAIN.C Attacked Proxy Base 500 Hacked Protovariant 500 Scanned by Researcher 500 Destroyed MAIN.C Guards 500 Met MAIN.C 5000 Destroyed MAIN.C Shell 5000 Destroyed MAIN.C 10000 Met Architect 300 Friendly Fire -1500 Cogmind --------- Core Integrity 0/1600 Matter 300/300 Energy 380/380 System Corruption 2% Temperature Cool (0) Movement Hovering (17) Location -1/Access_0 Parts ------- > --- POWER (2) -------- Zero-point Reactor Zero-point Reactor > --- PROPULSION (7) --- Improved Linear Gravjet Cooled Antigrav System Cooled Antigrav System Cooled Antigrav System Cooled Linear Gravjet Combat Linear Gravjet Combat Linear Gravjet > --- UTILITY (14) ----- Concept Antigrav Storage Unit Spectral Analyzer Advanced Melee Analysis Suite Concept Weapon Articulator Experimental Core Analyzer Experimental Core Analyzer Improved Armor Integrity Analyzer Advanced Reaction Control System Experimental Phase Shifter Graphene Brace Concept Impact Drone Bay (0/6) > --- WEAPON (3) ------- Superquantum Companion Sigix Broadsword > --- INVENTORY (25) --- Micro Antimatter Reactor Zero-point Reactor Zero-point Reactor Improved Antigrav System Combat Antigrav System Cooled Linear Gravjet Combat Linear Gravjet Concept Phasing Heat Sink Concept Chromion Battery (800) Concept Weapon Articulator Femtoactuators Femtoactuators Advanced Force Booster Advanced Reaction Control System Advanced Phase Shifter Advanced Phase Shifter Centrium Heavy Armor Plating Thermal Barrier Concept Impact Drone Bay (1/6) Enhanced Gamma Rifle Peak State ------------ > --- POWER ------------ Micro Antimatter Reactor Improved Quantum Reactor > --- PROPULSION ------- Cooled Antigrav System Cooled Antigrav System Cooled Antigrav System Concept Combat Aerolev Unit Concept Combat Aerolev Unit Concept Gyrokinetic System Concept Gyrokinetic System > --- UTILITY ---------- Concept Phasing Heat Sink Concept Antigrav Storage Unit Advanced Sensor Array Advanced Signal Interpreter Experimental Targeting Computer Experimental Core Analyzer Femtoactuators Concept Cloak Mesh Concept Core Shell Heavy Regenerative Plating Graphene Brace Experimental Focal Shield System Mapper > --- WEAPON ----------- Superquantum Companion Sigix Broadsword > --- INVENTORY -------- Matter Drive Centrium Heavy Treads Combat Linear Gravjet Experimental Antigrav System Experimental Antigrav System Concept Chromion Battery Concept NT7 Matterbank Concept Weapon Articulator Concept Weapon Articulator Femtoactuators Femtoactuators Concept Core Shell Improved Powered Armor Experimental System Purifier Concept Matter Streamer Concept Impact Drone Bay Concept Impact Drone Bay Transdimensional Reconstructor Terrabomb Perforator Mini Smartbomb Launcher Concept Arcsight Missile Launcher Multitool [Rating: 283] Favorites ----------- Power Micro Antimatter Reactor Engine Backup Power III Power Core Nuclear Core Reactor Micro Antimatter Reactor Propulsion Combat Linear Gravjet Treads Spiked Treads Leg Experimental Biometal Leg Wheel Compact Wheel Hover Unit Combat Linear Gravjet Flight Unit Diametric Drive Utility Advanced Signal Interpreter Device Advanced Sensor Array Storage Large Storage Unit Processor Advanced Signal Interpreter Hackware Improved Hacking Suite Protection Enhanced Scrap Shield Artifact Phase Armor Weapon Superquantum Companion Energy Gun Beamcaster Energy Cannon Subdweller Beam Cannon Ballistic Gun Assault Rifle Ballistic Cannon Hypervelocity Gauss Cannon Launcher Guided Micro-nuke Launcher Special Weapon RU-N14's Throwing Claymores v3 Impact Weapon Shock Maul Slashing Weapon Superquantum Companion Piercing Weapon Vortex Lance Build | -11 -10 -10 -10 -9 -9 -6 -6 -6 -6 -6 -6 -5 -5 -5 -5 -5 -5 -5 -4 -4 -4 -4 -4 -4 -4 -3 -3 -3 -3 -2 -2 -1 -1 -1 ------- Run | Yrd Mat Min Sub Rec Scr Fac Was Fac Low Low Dat Pro Fac Was Fac Upp Upp Zhi Pro Fac Was Fac Upp Upp War Pro Res Qua Frg Res Tes Acc Com Ac0 Slots Evolved 18 | . . . . . . 8 . . . . . . 2 . . . . . . 2 . . . . . . 2 . . 2 . 2 . . Power 1 | . . . . . . . . . . . . . . . . . . . . 1 . . . . . . . . . . . . . . Propulsion 5 | . . . . . . 4 . . . . . . . . . . . . . . . . . . . . 1 . . . . . . . Utility 12 | . . . . . . 4 . . . . . . 2 . . . . . . 1 . . . . . . 1 . . 2 . 2 . . Weapon . | . . . . . . . . . . . . . . . . . . . . . . . . . . . . . . . . . . . Parts Attached 516 | 7 13 2 12 3 4 53 3 10 1 . . 6 23 5 11 . . 1 . 27 2 14 2 1 10 1 12 29 39 1 31 81 108 4 Power 62 | 1 1 1 1 . . 5 . . . . . 1 2 1 1 . . . . 2 . 2 1 . . 1 4 5 . . 6 11 16 . Engine 9 | 1 1 1 . . . 2 . . . . . . 1 . 1 . . . . . . 1 . . . . . . . . . 1 . . Core 7 | . . . 1 . . 1 . . . . . . 1 . . . . . . 1 . 1 . . . . . 1 . . 1 . . . Reactor 46 | . . . . . . 2 . . . . . 1 . 1 . . . . . 1 . . 1 . . 1 4 4 . . 5 10 16 . Propulsion 105 | 2 3 1 2 1 . 13 . 4 . . . 3 5 2 2 . . . . 3 1 3 . . 1 . 1 . 9 . 3 23 23 . Treads 14 | . 3 . 2 1 . . . . . . . . . . . . . . . . . . . . . . . . . . . 1 7 . Leg 5 | . . . . . . . . . . . . . . . . . . . . . . . . . . . . . . . . 1 4 . Wheel 6 | 2 . 1 . . . 3 . . . . . . . . . . . . . . . . . . . . . . . . . . . . Hover 72 | . . . . . . 10 . 4 . . . 3 5 2 2 . . . . 3 1 3 . . 1 . 1 . 9 . 3 18 7 . Flight 8 | . . . . . . . . . . . . . . . . . . . . . . . . . . . . . . . . 3 5 . Utility 265 | 2 4 . 2 1 3 26 2 5 1 . . 1 11 1 7 . . 1 . 20 1 7 1 1 4 . 6 18 24 1 14 40 58 3 Device 134 | 1 . . 1 . 1 10 1 3 . . . 1 5 1 4 . . 1 . 10 1 4 1 1 2 . 3 8 16 . 6 21 30 2 Storage 18 | 1 3 . . 1 1 2 1 1 . . . . 2 . . . . . . . . 1 . . . . . 1 1 . . 1 2 . Processor 39 | . . . . . . 8 . . . . . . 1 . 1 . . . . 2 . . . . 2 . 1 . 6 1 5 3 9 . Hackware 20 | . . . . . . 3 . 1 . . . . 3 . 2 . . . . 5 . 2 . . . . 2 . . . 1 1 . . Protection 53 | . 1 . 1 . 1 3 . . 1 . . . . . . . . . . 3 . . . . . . . 8 1 . 2 14 17 1 Artifact 1 | . . . . . . . . . . . . . . . . . . . . . . . . . . . . 1 . . . . . . Weapon 84 | 2 5 . 7 1 1 9 1 1 . . . 1 5 1 1 . . . . 2 . 2 . . 5 . 1 6 6 . 8 7 11 1 Energy Gun 14 | . 2 . 1 . . 4 . . . . . . . . . . . . . . . 1 . . . . . . 3 . 1 . 2 . Energy Cannon 15 | . 1 . 5 . . . . 1 . . . . 1 . . . . . . 1 . 1 . . . . . 1 . . 1 1 2 . Ballistic Gun 10 | 2 . . 1 . . . . . . . . . . 1 . . . . . . . . . . . . . . . . 1 . 5 . Ballistic Cannon 8 | . . . . . . . . . . . . . 2 . . . . . . 1 . . . . . . . . . . 3 . 2 . Launcher 16 | . 1 . . . . 3 . . . . . . 1 . 1 . . . . . . . . . . . 1 . 1 . 2 6 . . Special Weapon 9 | . . . . . 1 . 1 . . . . 1 1 . . . . . . . . . . . 3 . . . 2 . . . . . Impact Weapon 4 | . 1 . . 1 . 1 . . . . . . . . . . . . . . . . . . . . . 1 . . . . . . Slashing Weapon 6 | . . . . . . 1 . . . . . . . . . . . . . . . . . . . . . 4 . . . . . 1 Piercing Weapon 2 | . . . . . . . . . . . . . . . . . . . . . . . . . 2 . . . . . . . . . Special Melee Weapon . | . . . . . . . . . . . . . . . . . . . . . . . . . . . . . . . . . . . Unidentified Prototypes 101 | . . . . . 1 12 2 1 1 . . . 10 1 1 . 1 2 . 5 . 3 . . 6 . 2 13 15 . 13 8 4 . Corrupted Parts 3 | . . . . . . . . 1 . . . . . . . . . . . . . . . . . . . . . . . 2 . . System Corruption 6 | . . . . . . . . 1 . . . . . . . . . . . . . . . . . . . . . . . 5 . . Parts Lost 112 | . 2 3 . . . 2 . . . . . 2 5 . 1 1 1 . . 2 . 2 2 . . . 2 6 . . 6 39 32 4 Power 15 | . . 1 . . . . . . . . . . 1 . . . . . . 1 . 1 1 . . . 1 2 . . . 4 3 . Propulsion 25 | . . 1 . . . . . . . . . 2 2 . . . . . . 1 . . . . . . . 1 . . . 13 4 1 Utility 59 | . . 1 . . . 2 . . . . . . 2 . 1 1 1 . . . . 1 . . . . 1 3 . . 6 18 19 3 Weapon 13 | . 2 . . . . . . . . . . . . . . . . . . . . . 1 . . . . . . . . 4 6 . Highest Loss Streak 11 | . 2 2 . . . 1 . . . . . 2 2 . 1 1 1 . . 2 . 1 1 . . . 1 3 . . 3 6 11 3 To Critical Strikes . | . . . . . . . . . . . . . . . . . . . . . . . . . . . . . . . . . . . Average Backups 17 | 1 9 16 17 19 17 23 14 13 14 15 15 14 14 12 14 14 14 13 15 14 14 13 14 14 14 15 14 14 20 23 23 21 18 19 Power 1 | . . 2 2 2 1 2 1 1 1 1 1 1 1 . . . . . . . . . . . . 1 1 . . 1 . . 1 3 Propulsion 2 | 1 3 4 3 2 1 1 . . . . . . . . 1 2 2 2 2 1 . . 1 1 1 2 1 . 1 2 3 4 2 4 Utility 9 | . 2 4 6 8 10 14 9 9 10 10 10 9 9 8 8 8 8 7 8 8 8 8 8 8 8 8 8 8 11 14 14 10 11 11 Weapon 1 | . 2 5 5 4 2 2 2 1 1 1 1 1 1 1 1 1 1 1 1 1 1 1 1 1 1 1 1 1 1 1 1 1 . 1 Tool/Special . | . . . . . . . . . . . . . . . . . . . . . . . . . . . . . . . . . . . Unused Backups 105 | . 2 1 9 1 9 28 . 2 1 1 . 2 3 2 1 1 . . 1 1 . . . . . . . . 10 . . 12 12 6 Power 8 | . . 1 . . . 6 . . . . . . . . . . . . . . . . . . . . . . . . . 1 . . Propulsion 29 | . 1 . 2 . . 8 . . . . . . . 2 . . . . . . . . . . . . . . 1 . . 9 2 4 Utility 43 | . . . 1 . 4 11 . 2 1 1 . 2 2 . . 1 . . 1 1 . . . . . . . . 4 . . 2 8 2 Weapon 20 | . 1 . 5 1 4 2 . . . . . . . . 1 . . . . . . . . . . . . . 5 . . . 1 . Tool/Special 5 | . . . 1 . 1 1 . . . . . . 1 . . . . . . . . . . . . . . . . . . . 1 . Average Slot Usage (%) 84 | . 100 99 100 97 79 75 85 84 80 80 80 79 80 80 81 82 80 74 77 73 84 87 82 79 87 90 87 85 86 86 86 86 80 89 Engine 1 | . 14 13 2 . . 1 . . . . . . . . 3 . . . . 3 . 4 2 5 4 5 1 . . . . . . . Core 2 | . . . 11 14 14 1 . . . . . . 2 . . . . . . . 5 5 3 . . . . 1 . . 1 . . . Reactor 3 | . . . . . . 2 6 6 6 6 6 6 2 4 1 5 5 5 5 5 5 . 4 5 5 5 7 5 4 4 6 5 6 7 Treads 3 | . 23 14 14 14 5 . . . . . . . . . . . . . . . . . . . . . . . . . . . 4 . Wheel 4 | . 4 13 14 14 22 10 . . . . . . . . . . . . . . . . . . . . . . . . . . . . Hover 16 | . . . . . . 16 33 30 26 26 26 25 21 19 23 23 23 22 22 22 29 29 25 25 25 25 26 26 27 25 25 23 13 26 Device 13 | . 4 6 10 . 1 7 5 4 6 6 6 6 10 9 4 5 5 5 5 8 15 17 20 19 15 15 11 13 29 32 21 27 24 23 Storage 6 | . 14 14 14 14 12 6 6 6 6 6 6 6 5 5 5 5 5 5 5 5 5 5 5 5 5 5 4 4 4 4 4 3 3 3 Processor 8 | . . . . . . 8 13 13 13 13 13 13 11 17 17 17 17 16 16 7 5 5 5 5 9 10 9 8 6 8 12 8 12 19 Hackware 1 | . . . . . . 3 . 1 . . . . 4 5 5 5 5 5 5 4 5 5 5 5 5 5 8 5 1 . . 1 . . Protection 4 | . 9 7 3 11 . 3 6 5 6 6 6 6 6 3 4 5 3 1 5 8 5 4 5 5 5 5 4 7 1 4 4 5 3 2 Energy Cannon 3 | . 4 14 22 18 8 . . . . . . . . 4 4 3 . 5 5 1 . . . . . . . . . . . . . . Ballistic Gun 1 | . 19 13 2 . . . . . . . . . . . . . . . . . . . . . . . . . . . . . . . Impact Weapon 2 | . . . . 9 11 4 5 6 6 5 6 5 3 . . . . . . . . . . . . . . . . . . . . . Slashing Weapon 3 | . . . . . . 5 6 6 6 6 6 6 5 5 4 5 5 5 5 5 5 5 5 5 5 5 4 5 8 7 5 3 3 4 Peak Build Rating 283 | 7 8 11 21 20 31 88 88 96 97 98 98 104 113 110 121 125 122 122 122 139 143 142 140 134 151 151 174 200 263 277 276 283 269 261 Average Rating 130 | 4 7 9 18 18 20 78 83 87 96 97 97 100 105 104 111 119 114 115 122 123 141 135 134 130 143 149 161 168 227 275 257 232 230 238 On Entrance 119 | . 7 8 11 17 20 31 84 84 95 97 98 97 102 99 109 121 117 109 122 122 133 142 136 130 130 151 151 174 186 261 273 265 250 233 Avg Prop Armor Cover (%) 11 | . 12 12 15 16 16 . . . . . . . 3 1 1 . . . . . . 1 . . . . . . . . . 5 1 . Naked Turns . | . . . . . . . . . . . . . . . . . . . . . . . . . . . . . . . . . . . Heaviest Build 228 | 13 52 51 64 99 221 228 51 58 51 56 55 55 54 61 65 57 53 57 57 74 71 71 73 57 76 68 79 93 102 115 110 123 167 93 Greatest Support 230 | 32 40 16 16 16 32 72 57 68 68 68 68 76 78 69 72 72 72 72 72 82 86 86 86 86 86 84 105 99 110 110 110 113 230 116 Greatest Overweight (x) 6 | . 3 3 3 6 6 6 . 1 . . . . 1 1 1 . . . . . . . . . . . . 1 3 1 1 1 5 . Average Overweight (x) . | . . 3 3 4 4 1 . . . . . . . . . . . . . . . . . . . . . . . . . . . . Largest Inventory Capacity 35 | 8 20 20 20 25 35 35 15 15 15 15 15 15 15 15 15 15 15 15 15 15 15 15 15 15 15 15 15 15 25 25 25 25 25 25 Average Capacity 20 | 6 13 20 20 22 25 25 15 15 15 15 15 15 15 15 15 15 15 15 15 15 15 15 15 15 15 15 15 15 22 25 25 25 24 25 Most Carried 35 | 2 15 20 20 25 35 35 15 15 15 15 15 15 15 15 15 15 15 15 15 15 15 15 15 15 15 15 15 15 25 24 25 25 25 21 Average Carried 18 | 1 9 17 19 21 19 25 15 14 14 14 15 14 14 13 14 14 14 14 14 14 14 13 14 14 14 15 14 14 21 23 24 23 21 20 Final Capacity 35 | 8 20 20 20 25 35 15 15 15 15 15 15 15 15 15 15 15 15 15 15 15 15 15 15 15 15 15 15 15 25 25 25 25 25 25 Final Carried 35 | 2 15 20 20 25 35 15 15 15 15 15 15 15 15 15 15 14 15 15 15 14 13 15 14 15 15 15 15 15 25 24 25 25 20 21 Scrap Suit Usage (%) 1 | . . . . . . 1 . . . . . . . . . . . . . . . . . . . . . . . . . . . . Class Distribution -------------------- 28% | Mutant 19% | Scavenger-Mutant 12% | Gladiator 8% | Trapper-Gladiator 7% | Scout 7% | Machinist-Mutant 4% | Scavenger-Gladiator 4% | Scavenger-Sprinter 3% | Hauler-Mutant Dominant Class ---------------- Mutant | -10/Materials Mutant | -10/Mines Mutant | -10/Subcaves Mutant | -9/Recycling Mutant | -9/Scraptown Gladiator | -6/Factory Gladiator | -6/Waste Gladiator | -6/Factory Gladiator | -6/Lower Caves Gladiator | -6/Lower Caves Gladiator | -6/Data Miner Gladiator | -5/Proximity Caves Gladiator | -5/Factory Scout | -5/Waste Scout | -5/Factory Scout | -5/Upper Caves Scout | -5/Upper Caves Scout | -5/Zhirov Scout | -4/Proximity Caves Machinist-Mutant | -4/Factory Machinist-Mutant | -4/Waste Machinist-Mutant | -4/Factory Machinist-Mutant | -4/Upper Caves Machinist-Mutant | -4/Upper Caves Trapper-Mutant | -4/Warlord Trapper-Gladiator | -3/Proximity Caves Trapper-Gladiator | -3/Research Trapper-Gladiator | -3/Quarantine Trapper-Gladiator | -3/Protoforge Scavenger-Gladiator | -2/Research Scavenger-Mutant | -2/Testing Scavenger-Mutant | -1/Access Scavenger-Mutant | -1/Command Scavenger-Sprinter | -1/Access_0 Resources | -11 -10 -10 -10 -9 -9 -6 -6 -6 -6 -6 -6 -5 -5 -5 -5 -5 -5 -5 -4 -4 -4 -4 -4 -4 -4 -3 -3 -3 -3 -2 -2 -1 -1 -1 ----------- Run | Yrd Mat Min Sub Rec Scr Fac Was Fac Low Low Dat Pro Fac Was Fac Upp Upp Zhi Pro Fac Was Fac Upp Upp War Pro Res Qua Frg Res Tes Acc Com Ac0 Matter Collected 31832 | 283 885 93 334 20 587 1162 84 420 10 210 . 287 660 206 442 229 25 50 20 714 52 409 515 165 180 230 346 707 1886 135 4117 7337 8972 60 Remotely 7258 | . . . . . . . . . . . . . . . . . . . . . . . . . . . . . . . 1434 1255 4569 . Salvage Created 58621 | 56 1054 16 383 138 . 1732 124 2559 67 395 . 734 1800 823 1456 492 231 240 214 2432 716 1340 551 216 651 541 906 888 2938 1286 9562 11808 12272 . Parts 2109 | 4 62 3 25 3 . 84 9 81 1 16 . 26 85 11 60 13 10 2 3 114 10 57 20 6 24 17 54 40 161 34 252 437 385 . Haulers Intercepted 35 | . 2 . . . . 6 . 7 . . . . 6 . 1 . . . . 5 . 3 . . . . . . . 1 2 2 . . Recyclers Shooed 7 | . . 1 . . . . . 1 . . . . . . . . . . . . . . . . . . . . . . 1 4 . . Parts Field Recycled . | . . . . . . . . . . . . . . . . . . . . . . . . . . . . . . . . . . . Retrieved Matter . | . . . . . . . . . . . . . . . . . . . . . . . . . . . . . . . . . . . Parts Self-Destructed 92 | . . . 17 . . . . . 1 3 . 33 . . . 11 4 . . . . . 18 1 . 4 . . . . . . . . Prevented 92 | . . . . . . . . . . 2 . 83 . . . . . . . . . . . . . 7 . . . . . . . . Parts Restored 3 | . . . . . . . . . . . . . . . . . . . . . . . . . . . . . 3 . . . . . Faulty 3 | . . . . . . . . . . . . . . . . . . . . . . . . . . . . . 3 . . . . . Kills | -11 -10 -10 -10 -9 -9 -6 -6 -6 -6 -6 -6 -5 -5 -5 -5 -5 -5 -5 -4 -4 -4 -4 -4 -4 -4 -3 -3 -3 -3 -2 -2 -1 -1 -1 ------- Run | Yrd Mat Min Sub Rec Scr Fac Was Fac Low Low Dat Pro Fac Was Fac Upp Upp Zhi Pro Fac Was Fac Upp Upp War Pro Res Qua Frg Res Tes Acc Com Ac0 Combat Hostiles Destroyed 909 | . 20 3 10 3 . 22 . 27 1 9 . 16 23 3 19 7 4 . . 28 2 13 8 2 19 13 18 12 38 13 141 175 260 . Melee 292 | . . . . 1 . 12 . 25 1 2 . 10 17 . 11 4 4 . . 13 . 8 4 2 3 6 7 7 26 5 20 51 53 . Guns 39 | . 10 . 4 . . . . . . . . . . . . . . . . . . . . . . . . . . . . 1 24 . Cannons 124 | . 6 1 5 1 . . . . . . . . . . . . . . . 5 2 5 4 . 4 . 1 . 1 . 59 24 6 . AOE 405 | . 4 2 1 . . 10 . . . 6 . 6 5 2 8 3 . . . 9 . . . . 12 7 9 . 6 5 61 75 174 . Classes Destroyed 34 | 1 7 1 1 1 . 2 1 1 . . . 1 . 1 . 1 . . . 1 . . 1 . 2 1 . 1 5 . 2 1 2 . Worker 43 | . 1 . . . . 5 . 1 . . . . 4 . 6 . . . . 2 . . . . . . . . . . 5 10 9 . Builder 23 | . 2 . . . . 2 . . . . . . 1 . 1 . . . . 1 . . . . . . . . . . 6 10 . . Tunneler 6 | 3 . . . . . 1 . . . . . . . . . . . . . . . . . . . . . . . . . 2 . . Hauler 35 | . 2 . . . . 6 . 7 . . . . 6 . 1 . . . . 5 . 3 . . . . . . . 1 2 2 . . Recycler 41 | . . . . . . 1 . 2 . . . . . . 3 . . . . 2 . 1 . . . . . . . 3 10 10 9 . Minesweeper 6 | . . . . . . . . . . . . 1 . . . 1 . . . . . . 1 2 . 1 . . . . . . . . Mechanic 29 | . 1 . . . . . . . . . . . . . . . . . . 1 . . . . . . . . . . 6 7 14 . Operator 19 | . 3 . . . . 1 . 2 . . . . 3 . . . . . . 2 . . . . . . 1 . 1 . 2 2 2 . Drone 14 | . . . . . . . . . . . . . . . . . . . . . . . . . . 2 . . 4 . . 8 . . Watcher 47 | . 3 . . . . 4 . 4 . . . . 1 . 2 . . . . 3 . 2 . . . . 2 . 2 1 3 11 9 . Swarmer 102 | . . 3 2 . . 10 . 3 . 6 . 6 4 . 8 . 1 . . 8 . . 1 . 3 4 8 . . 5 . 19 11 . Cutter 6 | . . . . . . . . . . . . . . . . . . . . . . . . . . . . . . . . 3 3 . Saboteur 31 | . . . . . . . . . . . . . . . . . . . . . . . . . . . . . . . 12 7 12 . Grunt 359 | . 20 . . . . 6 . 17 . . . 7 7 . 4 5 1 . . 6 . 6 5 1 12 6 5 . 2 . 68 71 110 . Brawler 29 | . . . . . . . . . . . . . . . . 1 . . . . . . . . . . . . . . 10 7 11 . Duelist 39 | . . . . . . . . . . . . . . . . . . . . 1 . . . . . . . . . . 15 6 17 . Protector 18 | . . . . . . . . . . . . . . . . . . . . . . . . . 1 . . . . . 4 4 9 . Researcher 4 | . . . . . . . . . . . . . . . . . . . . . . . . . . . . . 1 . 3 . . . Sentry 55 | . . . . 3 . 2 . 3 1 1 . 1 3 . 3 1 1 . . 2 . 2 1 1 . 1 3 . 9 3 . 10 4 . Specialist 3 | . . . . . . . . . . . . . . . . . . . . . . . . . 1 . . . . . 2 . . . Hunter 60 | . . . . . . . . 1 . 2 . 1 . . 1 . . . . 1 . 3 . . 2 . . 2 . 3 10 10 24 . Programmer 98 | . . . . . . 4 . 3 . . . 1 9 . 3 . 1 . . 9 . 2 . . . . 2 . 7 2 18 11 26 . Heavy 2 | . . . . . . . . . . . . . . . . . . . . . . . . . . . . . . . . . 2 . Q-Series 1 | . . . . . . . . . . . . . . . . . . . . . . . . . . . . . . . . 1 . . Behemoth 3 | . . . . . . . . . . . . . . . . . . . . . . . . . . . . . . . . . 3 . Compactor 5 | . . . . . . . . . . . . . . 3 . . . . . . 2 . . . . . . . . . . . . . Quarantine Guard 9 | . . . . . . . . . . . . . . . . . . . . . . . . . . . . 9 . . . . . . M Guard 2 | . . . . . . . . . . . . . . . . . . . . . . . . . . . . . . . . . 2 . Decapitator 7 | . . . . . . . . . . . . . . . . . . . . . . . . . . . . . 7 . . . . . Immortal 3 | . . . . . . . . . . . . . . . . . . . . . . . . . . . . . 3 . . . . . Combat Programmer 2 | . . . . . . . . . . . . . . . . . . . . . . . . . . . . . . . . . 2 . Investigator 4 | . . . . . . . . . . . . . . . . . . . . . . . . . . . . . . . 2 1 1 . Striker 20 | . . . . . . . . . . . . . . . . . . . . . . . . . . . . . . . 1 11 8 . Executioner 23 | . . . . . . . . . . . . . . . . . . . . . . . . . . . . . 2 . 2 7 12 . Alpha 7 4 | . . . . . . . . . . . . . . . . . . . . . . . . . . . . . 2 . . . 2 . Fortress 1 | . . . . . . . . . . . . . . . . . . . . . . . . . . . . 1 . . . . . . V-Series 2 | . . . . . . . . . . . . . . . . . . . . . . . . . . . . . 2 . . . . . Subdweller 8 | . . . 8 . . . . . . . . . . . . . . . . . . . . . . . . . . . . . . . Decomposer 3 | . . . . . . . . . . 2 . . . . . . . . . . . . . 1 . . . . . . . . . . Packrat 3 | . . . . . . . . . . 2 . . . . . 1 . . . . . . . . . . . . . . . . . . Thug 1 | . . . . . . . . . . . . . . 1 . . . . . . . . . . . . . . . . . . . . Martyr 5 | . . . . . . . 2 . . . . . . 2 . . . . . . 1 . . . . . . . . . . . . . Mutant 1 | . . . . . . . . . . . . . . . . . . . . . . . 1 . . . . . . . . . . . Best Kill Streak 59 | 3 4 5 4 1 . 6 . 4 1 3 . 4 6 3 7 3 1 . . 6 2 3 3 2 9 5 6 2 5 6 36 59 34 . Combat Bots Only 54 | . 3 3 4 1 . 4 . 4 1 3 . 4 4 3 4 3 1 . . 5 2 3 3 1 9 5 6 2 5 6 32 54 34 . Max Kills in Single Turn 8 | 1 2 2 2 1 . 5 1 1 1 2 . 4 4 1 5 2 1 . . 3 1 2 1 1 3 3 2 2 3 4 8 5 6 . Gunslinging 1 | . . . 1 . . . . . . . . . . . . . . . . . . . . . . . . . . . . . 1 . Exploded 6 | . 2 2 1 . . 3 . . . 2 . 4 3 1 3 2 . . . 3 . . . . 3 3 2 . 3 4 6 4 6 . Melee 2 | . . . . 1 . 1 . 1 1 1 . 2 1 . 1 1 1 . . 1 . 1 1 1 1 2 1 2 1 1 2 2 1 . Uniques/NPCs Destroyed 3 | . . . . . . . . . . . . . . . . . . . . 1 . . . . . . . . . . . . 2 . DW-4LL (-4/Factory) MAIN.C Shell (-1/Command) MAIN.C (-1/Command) Combat | -11 -10 -10 -10 -9 -9 -6 -6 -6 -6 -6 -6 -5 -5 -5 -5 -5 -5 -5 -4 -4 -4 -4 -4 -4 -4 -3 -3 -3 -3 -2 -2 -1 -1 -1 -------- Run | Yrd Mat Min Sub Rec Scr Fac Was Fac Low Low Dat Pro Fac Was Fac Upp Upp Zhi Pro Fac Was Fac Upp Upp War Pro Res Qua Frg Res Tes Acc Com Ac0 Hostile Shots Fired 3663 | . 61 10 22 28 . 104 . 128 . 35 . 112 135 . 100 35 40 . . 141 . 90 17 11 36 21 55 99 236 36 280 606 1074 151 Missed 1503 | . 12 2 8 6 . 33 . 50 . 20 . 52 60 . 42 13 20 . . 43 . 34 5 3 15 12 20 56 135 20 124 245 357 116 Intercepted 14 | . . . . . . . . . . . . . . . . . . . . . . . . . . . . . . . . . 14 . Deflected 58 | . . . . . . . . . . . . . . . . 1 1 . . 1 . 2 1 . 1 1 . . 3 . 12 19 14 2 Hits 2160 | . 49 8 14 22 . 71 . 78 . 15 . 60 75 . 58 22 20 . . 98 . 56 12 8 21 9 35 43 101 16 156 361 717 35 Melee 39 | . . . . . . . . . . . . . 1 . . 1 . . . . . . . . . . . . 4 . 13 7 8 5 Projectile 2121 | . 49 8 14 22 . 71 . 78 . 15 . 60 74 . 58 21 20 . . 98 . 56 12 8 21 9 35 43 97 16 143 354 709 30 AOE 43 | . . . . . . . . 1 . . . . . . . . . . . . . 2 . . 1 . . 1 1 . 1 25 11 . Critical Strikes 126 | . . . 1 2 . 1 . 4 . . . 2 4 . 5 1 1 . . 5 . 3 2 2 1 . 2 2 13 . 8 15 47 5 Actively Blocked 71 | . . . . . . . . . . . . . 1 . . . . . . . . . . . . . . . . . 5 15 45 5 Part Disruptions 7 | . . . . . . . . . . . . . 1 . 1 . . . . . . . . . . . . 1 . . 1 . 2 1 Actively Blocked 2 | . . . . . . . . . . . . . . . . . . . . . . . . . . . . . . . . . 2 . Damage Taken 41313 | . 635 103 258 328 . 1349 . 1200 7 158 . 1331 1523 . 1082 354 406 7 . 1817 . 1169 184 109 475 171 632 1939 1024 125 2279 8023 13549 1076 Core 3950 | . 60 7 40 77 . 278 . 149 7 11 . 82 243 . 89 16 78 7 . 213 . 114 46 15 59 51 62 378 100 5 151 544 914 154 Absorbed by Shields 5567 | . . . . . . 84 . 144 . . . 3 . . . . . . . . . . . . . . . . 996 125 436 408 3269 102 Reduced by Siege Mode 1231 | . . . . . . . . . . . . . . . . . . . . . . . . . . . . . . . . . 1231 . Redirected to Shielding 888 | . 13 . 2 16 . 36 . . . . . . 73 . . . . . . . . . . . . . . . 38 21 22 280 162 225 Ignored by Resistances 7006 | . . . . . . . . . . . . . . . 147 97 12 . . 482 . 93 71 71 167 38 247 124 872 155 928 1109 2393 . Regen/Repaired (Parts) 3730 | . . . . . . . . 755 . . . 61 . 72 . . . . . . 53 181 . . 33 . 92 34 617 34 1092 706 . . Core Remaining (%) 60 | 100 . . . . 26 . . . . . . 38 . . . . . . 56 . . . . . . 56 . . 58 . 89 . . . Volleys Fired 888 | 8 90 8 55 1 . 6 . . . 4 . 2 6 8 17 14 . . . 16 4 7 45 . 9 6 6 3 30 2 90 152 299 . Largest 2 | 2 2 2 2 2 . 1 . . . 1 . 1 1 1 1 1 . . . 1 1 1 1 . 1 1 1 1 1 1 1 2 2 . Hottest 160 | 40 80 80 160 160 . 43 . . . 43 . 43 113 113 113 113 . . . 113 51 51 51 . . 43 52 94 75 40 100 140 110 . Shots Fired 1085 | 16 173 15 90 2 . 6 . . . 4 . 2 6 8 17 14 . . . 17 5 7 45 . 9 6 6 3 30 2 92 153 357 . Gun 329 | 16 143 7 15 . . . . . . . . . . . . . . . . . . . . . . . . . 19 . 4 . 125 . Cannon 286 | . 26 7 69 2 . . . . . . . . 2 2 13 10 . . . 10 5 7 45 . . . . 3 . . 50 29 6 . Launcher 447 | . 4 1 6 . . 6 . . . 4 . 2 2 6 4 4 . . . 7 . . . . . 6 6 . 3 2 34 124 226 . Special 23 | . . . . . . . . . . . . . 2 . . . . . . . . . . . 9 . . . 8 . 4 . . . Kinetic 415 | 16 126 7 7 . . . . . . . . . . . . . . . . 2 5 7 45 . . . . . . . 50 29 121 . Thermal 152 | . 31 7 77 2 . . . . . . . . 2 2 13 10 . . . 8 . . . . . . . . . . . . . . Explosive 429 | . 4 1 6 . . 6 . . . 4 . 2 2 6 4 4 . . . 7 . . . . 9 6 6 . 3 2 34 97 226 . Electromagnetic 74 | . 12 . . . . . . . . . . . . . . . . . . . . . . . . . . 3 19 . 4 26 10 . Robot Hit Streak 55 | 3 9 6 8 7 . 8 . . . . . 3 4 6 2 4 . . . 8 3 7 8 . 17 19 22 25 30 13 19 38 55 . Robot Miss Streak 18 | 3 7 1 1 . . 2 . . . . . . 1 1 2 . . . . 1 1 . . . . . . . 2 . 18 8 6 . Penetration Max 3 | . . . . . . . . . . . . . . . . . . . . . . 2 . . . . . . . . 3 3 1 . Secondary Targets 11 | . 1 . 2 . . . . . . . . . . . . . . . . . . . . . . . . . . . . . 8 . Max Gunslinging Chain 1 | . 1 . 1 . . . . . . . . . . . . . . . . . . . . . . . . . . . . . 1 . Autonomous 110 | . . . . . . . . . . . . . . . . 1 1 . . 10 2 2 1 . 5 . 3 1 7 . 32 23 17 5 Shots Hit Robots 1730 | 9 100 10 30 17 . 66 4 103 2 11 . 42 83 10 62 17 6 8 4 90 6 45 15 14 18 18 23 32 150 29 169 217 310 10 Core Hits 2455 | 3 50 4 16 2 . 43 2 40 1 11 . 19 37 8 37 11 4 2 3 60 4 22 10 3 45 20 36 16 61 17 414 537 913 4 Critical Kills 93 | . . . . . . . . 1 . . . . 2 1 . . . . . . 1 3 3 . . . . . . . 47 30 5 . Critical Parts Destroyed 153 | . . . . . . 4 . 6 . 1 . 3 4 . . . . . . . . 3 2 . . . . . . . 95 26 9 . Critical Strikes 282 | . . . . . . 4 . 7 . 1 . 3 6 1 . . 2 . . . 2 10 7 . 2 . 2 5 4 2 146 61 17 . Meltdown 1 | . . . . . . . . . . . . . . 1 . . . . . . . . . . . . . . . . . . . . Destroy 233 | . . . . . . . . . . . . . . . . . . . . . 2 6 5 . . . . . . . 146 59 15 . Smash 21 | . . . . . . 4 . 7 . 1 . 3 6 . . . . . . . . . . . . . . . . . . . . . Sever 2 | . . . . . . . . . . . . . . . . . . . . . . . . . 2 . . . . . . . . . Sunder 1 | . . . . . . . . . . . . . . . . . . . . . . . . . . . . 1 . . . . . . Melee Attacks 1704 | . 1 . . 23 . 109 4 139 4 14 . 44 143 4 99 14 9 10 5 114 2 61 15 15 10 17 31 40 160 30 120 230 221 16 Kinetic 2 | . . . . . . . . . . . . . . . . . . . . . . . . . . . . 2 . . . . . . Impact 117 | . 1 . . 23 . 21 . 32 . 3 . 7 30 . . . . . . . . . . . . . . . . . . . . . Slashing 1581 | . . . . . . 88 4 107 4 11 . 37 113 4 99 14 9 10 5 114 2 61 15 15 10 17 31 34 160 30 120 230 221 16 Piercing . | . . . . . . . . . . . . . . . . . . . . . . . . . . . . . . . . . . . Entropic 4 | . . . . . . . . . . . . . . . . . . . . . . . . . . . . 4 . . . . . . Sneak Attacks 211 | . . . . 1 . 20 3 23 . 4 . 1 12 4 12 4 . . . 13 2 7 3 3 . 3 3 3 10 8 20 26 21 5 Combat Hostiles 48 | . . . . . . 3 . 7 . 1 . . 2 . 3 2 . . . . . 2 2 . . 2 1 3 1 3 4 7 5 . Follow-up Attacks 74 | . . . . . . 10 . 13 . . . 9 13 . . . . . . . . 2 . . . 2 1 1 5 . 5 9 2 2 Damage Inflicted 234712 | 127 1785 276 849 622 . 4900 274 5804 85 1336 . 2308 5204 1889 3970 1797 405 809 447 8016 453 3123 1226 1089 6600 2232 3323 2372 13407 3673 34587 42058 78157 1509 Guns 5675 | 127 1078 41 171 . . . . . . . . . . . . . . . . . . . . . . . . . 329 . 4 . 3925 . Cannons 12977 | . 283 122 527 26 . . . . . . . . . 41 40 98 81 . . 877 211 295 247 . 479 . 255 206 567 . 3990 2492 1720 420 Explosions 118929 | . 389 113 151 . . 1190 . . . 680 . 378 776 1488 1000 630 . . . 1285 . . . . 5107 1039 1764 . 793 1047 21798 24481 54820 . Melee 96688 | . 35 . . 596 . 3710 274 5804 85 656 . 1930 4428 360 2930 1069 324 809 447 5854 242 2828 979 1089 571 1193 1304 2166 11718 2626 8795 15085 17692 1089 Ramming . | . . . . . . . . . . . . . . . . . . . . . . . . . . . . . . . . . . . Kinetic 7615 | 127 1008 41 68 . . . . . . . . . . . . . . . . 13 51 128 159 . . . . 39 . . 1296 466 4219 . Thermal 2932 | . 304 122 630 26 . . . . . . . . 364 41 40 . . . . 84 . . . . . . . . . . . 1321 . . Explosive 113346 | . 389 113 151 . . 1154 . . . 680 . 378 412 1488 1000 630 . . . 1201 . . . . 5107 1039 1764 . 793 1047 21798 19382 54820 . Electromagnetic 4334 | . 49 . . . . 36 . . . . . . . . . . . . . . . . . . . . . 107 329 . 4 3778 31 . Impact 5593 | . 35 . . 596 . 1301 . 1726 . 63 . 337 1535 . . . . . . . . . . . . . . . . . . . . . Slashing 91101 | . . . . . . 2409 274 4078 85 593 . 1593 2893 360 2930 1069 324 809 447 5854 242 2828 979 1089 1014 1193 1304 1729 11718 2626 8795 15085 17692 1089 Piercing . | . . . . . . . . . . . . . . . . . . . . . . . . . . . . . . . . . . . Entropic 398 | . . . . . . . . . . . . . . . . . . . . . . . . . . . . 398 . . . . . . Phasic 9393 | . . . . . . . . . . . . . . . . 98 81 . . 864 160 167 88 . 479 . 255 99 567 . 2694 2026 1395 420 Highest Corruption 7 | . . . . . . 3 3 3 . . . 1 5 5 7 . . . . 5 5 . . . . . 2 5 6 . 5 7 7 2 Average Corruption 3 | . . . . . . 2 3 1 . . . 1 3 4 4 . . . . 3 4 . . . . . 2 4 4 . 3 3 2 1 Corruption Purged 61 | . . . . . . 5 . 4 . . . . . 5 7 . . . . . 5 . . . . . . . 7 . . 14 14 . Corruption Blocked 21 | . . . . . . 7 . . . . . . . . . . . . . . . . . . . . 3 . . . . . 11 . Effects 294 | . . . . . . 10 5 10 . . . 6 24 3 21 . . . . 34 5 . . . . . 1 49 14 . 20 31 61 . Message Errors 72 | . . . . . . 5 2 3 . . . 3 6 2 10 . . . . 8 1 . . . . . . 13 1 . . 5 13 . Matter Fused 83 | . . . . . . 1 2 4 . . . 1 10 1 4 . . . . 8 . . . . . . . 19 8 . 5 6 14 . Heat Flow Errors 39 | . . . . . . 1 . 1 . . . . 1 . . . . . . 7 1 . . . . . . 5 3 . 3 7 10 . Energy Discharges 27 | . . . . . . . . . . . . . 4 . 1 . . . . 1 1 . . . . . . 4 1 . 6 3 6 . Parts Rejected 9 | . . . . . . . . . . . . . 1 . 1 . . . . 1 1 . . . . . . . . . . 2 3 . Parts Fused 7 | . . . . . . . . . . . . . 1 . . . . . . 1 . . . . . . . 1 . . . 1 3 . Data Loss (minor) 28 | . . . . . . 3 . 2 . . . 2 1 . 1 . . . . 4 . . . . . . 1 6 . . 1 4 3 . Data Loss (major) 11 | . . . . . . . 1 . . . . . . . 1 . . . . 2 . . . . . . . 1 . . . 1 5 . Misfires 8 | . . . . . . . . . . . . . . . 1 . . . . 1 1 . . . . . . . . . 3 . 2 . Alerts 7 | . . . . . . . . . . . . . . . 1 . . . . 1 . . . . . . . . 1 . 1 2 1 . Weapon Failures 3 | . . . . . . . . . . . . . . . 1 . . . . . . . . . . . . . . . 1 . 1 . Overload Shots . | . . . . . . . . . . . . . . . . . . . . . . . . . . . . . . . . . . . Overflow Damage 17706 | . 8 . . 44 . 544 4 1301 . 292 . 311 1050 25 281 208 . 214 36 832 13 214 146 421 132 265 115 24 1530 539 1981 3441 3596 139 Projectiles 654 | . 8 . . . . . . . . . . . . . . 77 . . . 78 . . . . 27 . . . . . 183 121 138 22 Explosions 3536 | . . . . . . 46 . . . 130 . . 180 . 44 9 . . . 49 . . . . 81 30 57 . . 122 764 522 1502 . Melee 13516 | . . . . 44 . 498 4 1301 . 162 . 311 870 25 237 122 . 214 36 705 13 214 146 421 24 235 58 24 1530 417 1034 2798 1956 117 Knockbacks 62 | . 1 . . . . 3 . 4 . 1 . 2 5 . . . . . . . 2 4 . . . . . . . . 26 13 1 . Impact 16 | . 1 . . . . 3 . 4 . 1 . 2 5 . . . . . . . . . . . . . . . . . . . . . Kinetic 41 | . . . . . . . . . . . . . . . . . . . . . 1 3 . . . . . . . . 23 13 1 . Secondary 5 | . . . . . . . . . . . . . . . . . . . . . 1 1 . . . . . . . . 3 . . . Self-Inflicted Damage 765 | . . 30 . . . . . . . . . . . . . . . . . 84 . . . . . . . . . . . 500 151 . Shots 26 | . . 1 . . . . . . . . . . . . . . . . . 2 . . . . . . . . . . . 20 3 . Rammed . | . . . . . . . . . . . . . . . . . . . . . . . . . . . . . . . . . . . Targets Rammed . | . . . . . . . . . . . . . . . . . . . . . . . . . . . . . . . . . . . Kicked . | . . . . . . . . . . . . . . . . . . . . . . . . . . . . . . . . . . . Crushed . | . . . . . . . . . . . . . . . . . . . . . . . . . . . . . . . . . . . Highest Temperature 349 | . 114 54 180 105 . 93 . 146 . . . 10 181 124 192 224 16 . . 336 217 70 . 10 30 23 185 256 207 . 349 190 215 . Average Temperature 53 | . 33 16 36 53 . 16 . 56 . . . 4 29 69 80 71 5 . . 109 51 35 . 10 3 2 17 45 97 . 109 62 56 . Received Heat Transfer 4708 | . 357 18 36 99 . 179 . 467 . 18 . 272 351 . 159 198 60 . . 294 . 108 63 79 148 48 393 45 56 12 277 674 286 11 Effects 4 | . . . . . . . . . . . . . . . . . . . . 1 . . . . . . . . 1 . 2 . . . Shutdowns 1 | . . . . . . . . . . . . . . . . . . . . . . . . . . . . . . . 1 . . . Energy Bleed 3 | . . . . . . . . . . . . . . . . . . . . 1 . . . . . . . . 1 . 1 . . . Siege Activations 6 | . . . . . . . . . . . . . . . . . . . . . . . . . . . . . . . . . 6 . Total Turns 260 | . . . . . . . . . . . . . . . . . . . . . . . . . . . . . . . . . 260 . Longest Duration 88 | . . . . . . . . . . . . . . . . . . . . . . . . . . . . . . . . . 88 . Martial Activations . | . . . . . . . . . . . . . . . . . . . . . . . . . . . . . . . . . . . Shielding Activations . | . . . . . . . . . . . . . . . . . . . . . . . . . . . . . . . . . . . Robots Disrupted 19 | . . . . . . 2 . 1 . . . . 1 . . . . . . . . 1 . . . . . 1 . 1 3 6 2 1 Combat Hostiles 15 | . . . . . . 1 . 1 . . . . . . . . . . . . . 1 . . . . . 1 . 1 3 4 2 1 Robots Corrupted 41 | . . . . 1 . 4 . 7 . 1 . . 5 . . . . . . . . . . . . . . 2 3 . . 18 . . Combat Hostiles 27 | . . . . 1 . . . 2 . 1 . . 1 . . . . . . . . . . . . . . 2 3 . . 17 . . Parts Fried 88 | . . . . 1 . 6 . 7 . 3 . 1 9 . . . . . . . . . 2 . . . . 6 5 . . 48 . . Impact Corruptions 59 | . . . . 5 . 12 . 19 . 1 . 4 18 . . . . . . . . . . . . . . . . . . . . . Robots Melted 2 | . . . . . . . . . . . . . . 1 . . . . . . . . . . . . . . . . . 1 . . Combat Hostiles 2 | . . . . . . . . . . . . . . 1 . . . . . . . . . . . . . . . . . 1 . . Parts Melted 24 | . . . 1 . . 2 . . . . . 3 . . 3 . . . . 1 . . . . 1 . . . . . 6 7 . . Heat Transferred 3077 | . 642 259 888 37 . . . . . . . . 200 37 37 . . . . 50 . . . . . . . . . . . 927 . . Parts Sabotaged 6 | . . . . . . . . . . . . . . . . . . . . . . . . . . . . . . . 3 2 1 . Parts Stolen . | . . . . . . . . . . . . . . . . . . . . . . . . . . . . . . . . . . . Parts Stripped 128 | . . . . . . . . . . . . . . . . . . . . . . . . . . . . 18 32 28 7 26 17 . Power Chain Reactions 8 | . . . . . . . . . . . . . . . . . . . . . . . . . . . . . . . . 8 . . Alert | -11 -10 -10 -10 -9 -9 -6 -6 -6 -6 -6 -6 -5 -5 -5 -5 -5 -5 -5 -4 -4 -4 -4 -4 -4 -4 -3 -3 -3 -3 -2 -2 -1 -1 -1 ------- Run | Yrd Mat Min Sub Rec Scr Fac Was Fac Low Low Dat Pro Fac Was Fac Upp Upp Zhi Pro Fac Was Fac Upp Upp War Pro Res Qua Frg Res Tes Acc Com Ac0 Maximum Alert Level 5 | . 1 . . . . 2 1 3 . . . . 4 2 2 . . . . 3 1 2 . . . . 3 3 4 4 5 5 5 . Low Security (%) 24 | 100 93 100 . 100 . 62 92 7 . . . . 16 54 36 . . . . 52 68 18 . . . . . . . . . . . . Level 1 8 | . 6 . . . . 32 7 2 . . . . 28 33 17 . . . . 22 31 43 . . . . 28 . . . . . . . Level 2 10 | . . . . . . 5 . 59 . . . . 16 11 46 . . . . 3 . 37 . . . . 66 11 10 . 3 . . . Level 3 14 | . . . . . . . . 30 . . . . 29 . . . . . . 21 . . . . . . 5 88 58 67 18 . . . Level 4 2 | . . . . . . . . . . . . . 8 . . . . . . . . . . . . . . . 30 32 5 . . . Level 5 11 | . . . . . . . . . . . . . . . . . . . . . . . . . . . . . . . 11 12 37 . High Security 27 | . . . . . . . . . . . . . . . . . . . . . . . . . . . . . . . 61 87 62 . Max Security . | . . . . . . . . . . . . . . . . . . . . . . . . . . . . . . . . . . . Sterilizations 2 | . . . . . . . . . . . . . . . . . . . . . . . . . . . . . . . 1 1 . . Peak Influence 16366 | 10 268 160 . 68 . 594 206 965 . . . . 1203 418 649 . . . . 1066 373 449 . . . . 742 984 1317 1209 5515 9596 16366 . Initial 6140 | . . 102 . . . . 206 26 . . . . 203 418 42 . . . . . 373 44 . . . . 229 417 510 733 675 3308 6140 . Average 3596 | 1 62 34 . 11 . 153 114 565 . . . . 561 225 340 . . . . 337 188 333 . . . . 446 869 953 961 3218 7416 12757 . Influence Increases 40274 | 15 720 99 140 244 . 1261 12 2014 20 235 . 899 1669 52 1147 225 135 5 5 1764 . 1184 220 50 420 440 943 1338 1387 639 5214 6916 10766 96 Destroy 0b10 Robot/C 19200 | . 400 80 40 60 . 560 . 940 20 180 . 600 520 . 380 140 80 . . 740 . 600 140 40 380 240 360 240 700 260 2860 3460 5180 . Destroy 0b10 Robot/NC 1465 | 15 60 . . . . 100 . 85 . . . 5 75 . 65 15 . 5 5 105 . 35 5 10 5 15 15 . 70 25 200 290 260 . Destroy Leader 2806 | . 100 10 10 . . 148 . 192 . 40 . 40 114 . 96 10 10 . . 176 . 120 . . . 30 74 100 54 74 350 486 572 . Allied During Kill 972 | . . 1 . . . 23 . 387 . . . 74 5 . 1 . . . . 73 . 199 . . 20 5 . . . . 3 19 162 . Trap Triggered on 0b10 130 | . 30 . . . . . . 10 . . . . . . . . . . . . . . . . . . . 90 . . . . . . Successful Hack 693 | . 18 . . 32 . 122 . 19 . . . . 35 . 138 . . . . 49 . 66 . . . . 57 79 34 . 26 18 . . Select Force Hacks 230 | . 60 . . 150 . . . 20 . . . . . . . . . . . . . . . . . . . . . . . . . . Disable Machine 1305 | . 15 . . . . 75 . 30 . . . . 75 . 60 . . . . 90 . 15 . . . . 45 90 225 . 225 105 195 60 Anti-Garrison Action 600 | . . . . . . . . . . . . . . . . . . . . . . . . . . . . . 200 . 200 150 50 . Destroy Structure 6143 | . 37 8 . 2 . 83 12 16 . . . . 170 52 122 . . . . 366 . 34 . . . . 122 14 14 90 1065 1188 2742 6 Advance Influence 150 | . . . . . . . . . . . . . . . . . . . . . . . . . . . 150 . . . . . . . Partial Spotted 1020 | . . . . . . 30 . 135 . . . . 90 . 60 . . . . 75 . 15 . . . . 45 240 45 75 . 120 60 30 Lose Combat Pursuer 5160 | . . . 90 . . 120 . 180 . 15 . 180 585 . 225 60 45 . . 90 . . 75 . 15 150 75 285 45 15 285 1080 1545 . Miscellaneous 400 | . . . . . . . . . . . . . . . . . . . . . . 100 . . . . . 200 . 100 . . . . Influence Decreases 40274 | 15 456 363 140 244 . 671 564 1090 595 368 254 576 797 1187 578 617 216 161 5 698 1003 849 524 144 212 530 319 1173 989 742 901 2835 3956 16502 Entered New Map 27609 | . . 162 . . . . 384 12 357 74 254 . 120 777 18 233 46 156 . . 693 19 148 19 . 208 39 325 397 572 527 2207 3456 16406 Time Decay 9440 | 15 436 181 140 244 . 569 120 598 238 294 . 456 607 170 530 374 160 5 5 521 190 410 356 125 152 302 230 618 592 150 294 198 160 . Lost Part 1076 | . 20 20 . . . 20 . . . . . 20 50 . 10 10 10 . . 20 . 20 20 . . . 20 60 . . 60 390 320 6 Lost Ally 1549 | . . . . . . 82 60 330 . . . 100 20 240 20 . . . . 7 120 250 . . 60 20 30 20 . 20 20 40 20 90 Purge Threat 600 | . . . . . . . . 150 . . . . . . . . . . . 150 . 150 . . . . . 150 . . . . . . Squads Dispatched 248 | . 7 1 . . . 11 . 28 . . . 2 21 . 14 . . . . 15 . 6 . . . . 3 5 12 4 35 45 39 . Investigation 63 | . 4 1 . . . 5 . 14 . . . 2 7 . 8 . . . . 3 . 2 . . . . 1 4 5 3 2 1 1 . Extermination 32 | . . . . . . 4 . 4 . . . . 6 . 3 . . . . 5 . 2 . . . . 1 1 1 1 1 2 1 . Reinforcement 40 | . 3 . . . . 2 . 4 . . . . 7 . 2 . . . . 5 . 2 . . . . . . 2 . 7 5 1 . Assault 107 | . . . . . . . . 3 . . . . 1 . 1 . . . . . . . . . . . . . 4 . 25 37 36 . Garrison 6 | . . . . . . . . 3 . . . . . . . . . . . 2 . . . . . . 1 . . . . . . . Intercept . | . . . . . . . . . . . . . . . . . . . . . . . . . . . . . . . . . . . Searches Triggered . | . . . . . . . . . . . . . . . . . . . . . . . . . . . . . . . . . . . Unchained Authorized 3 | . . . . . . . . . . . . . . . . . . . . 1 . . . . . . . . . 1 . 1 . . Data Miner Redirects 7 | . . . . . . . . . . . . . 1 . . . . . . 1 . 1 . . . . 1 . 1 . . . 2 . Construction Impeded 3 | . . . . . . . . . . . . . 1 . 1 . . . . 1 . . . . . . . . . . . . . . Haulers Reinforced 13 | . . . . . . 2 . 3 . . . . 1 . 1 . . . . 1 . 2 . . . . . . . . 1 2 . . Active Scanning Responses . | . . . . . . . . . . . . . . . . . . . . . . . . . . . . . . . . . . . Cargo Convoy Interrupts 1 | . . . . . . . . . . . . . 1 . . . . . . . . . . . . . . . . . . . . . Stealth | -11 -10 -10 -10 -9 -9 -6 -6 -6 -6 -6 -6 -5 -5 -5 -5 -5 -5 -5 -4 -4 -4 -4 -4 -4 -4 -3 -3 -3 -3 -2 -2 -1 -1 -1 --------- Run | Yrd Mat Min Sub Rec Scr Fac Was Fac Low Low Dat Pro Fac Was Fac Upp Upp Zhi Pro Fac Was Fac Upp Upp War Pro Res Qua Frg Res Tes Acc Com Ac0 Distress Signals 48 | . . . . . . 1 . 7 . . . . 3 . . . . . . 10 . 4 . . 1 . 1 1 . 2 1 4 13 . Communications Jammed . | . . . . . . . . . . . . . . . . . . . . . . . . . . . . . . . . . . . Distress Signals . | . . . . . . . . . . . . . . . . . . . . . . . . . . . . . . . . . . . Times Spotted 1341 | . 34 4 22 2 . 40 5 45 1 8 . 76 70 11 46 10 12 . . 66 2 24 5 2 65 22 23 27 45 16 171 243 210 34 Peak Tracking Total 49 | . 3 3 6 1 . 4 4 6 1 3 . 17 9 6 7 4 4 . . 8 2 4 3 1 19 5 9 7 8 5 28 15 49 26 Tactical Retreats 135 | . . . 1 . . 5 1 5 . 1 . 7 13 2 7 2 3 . . 4 . . 3 . 1 4 3 9 3 1 9 27 23 1 ID Masks Used 1 | . . . . . . . . . . . . . . . . . . . . . . . . . . . . . 1 . . . . . IFF Responses 37 | . . . . . . . . . . . . . . . . . . . . . . . . . . . . . 37 . . . . . Traps | -11 -10 -10 -10 -9 -9 -6 -6 -6 -6 -6 -6 -5 -5 -5 -5 -5 -5 -5 -4 -4 -4 -4 -4 -4 -4 -3 -3 -3 -3 -2 -2 -1 -1 -1 ------- Run | Yrd Mat Min Sub Rec Scr Fac Was Fac Low Low Dat Pro Fac Was Fac Upp Upp Zhi Pro Fac Was Fac Upp Upp War Pro Res Qua Frg Res Tes Acc Com Ac0 Traps Triggered 50 | . 1 . 1 . . 9 . . . . . . 4 . 1 . . . . 1 . 2 . . . . . 1 13 . 3 8 6 . Indirectly 2 | . . . . . . . . . . . . . . . . . . . . . . . . . . . . . . . . 2 . . Trap Hack Attempts . | . . . . . . . . . . . . . . . . . . . . . . . . . . . . . . . . . . . Triggered . | . . . . . . . . . . . . . . . . . . . . . . . . . . . . . . . . . . . Disarmed . | . . . . . . . . . . . . . . . . . . . . . . . . . . . . . . . . . . . Reprogrammed 11 | . 7 . . . . . . 4 . . . . . . . . . . . . . . . . . . . . . . . . . . Reused 20 | . 3 . . . . . . 1 . . . 1 . . . 1 . . . . . . 3 . . 2 . 9 . . . . . . Traps Extracted 1 | . . . . . . . . . . . . . . . . . . . . . . . . 1 . . . . . . . . . . Installed 21 | . . . 1 1 . . . . . . . 4 . . . 1 . . . . . . 3 . . 2 . 9 . . . . . . Triggered 20 | . 3 . . . . . . 1 . . . 1 . . . 1 . . . . . . 3 . . 2 . 9 . . . . . . Most Traps Carried 18 | . . . 2 1 3 3 3 3 3 3 3 4 3 3 3 3 2 2 2 2 2 2 5 17 17 18 18 18 9 . . . . . Machines | -11 -10 -10 -10 -9 -9 -6 -6 -6 -6 -6 -6 -5 -5 -5 -5 -5 -5 -5 -4 -4 -4 -4 -4 -4 -4 -3 -3 -3 -3 -2 -2 -1 -1 -1 ---------- Run | Yrd Mat Min Sub Rec Scr Fac Was Fac Low Low Dat Pro Fac Was Fac Upp Upp Zhi Pro Fac Was Fac Upp Upp War Pro Res Qua Frg Res Tes Acc Com Ac0 Machines Disabled 107 | . 1 . 4 . . 5 . 2 . 1 . . 5 . 4 . . . . 6 . 1 . . . . 3 6 19 . 18 11 15 6 Max in Single Turn 3 | . 1 . 3 . . 1 . 1 . 1 . . 1 . 1 . . . . 2 . . . . . . 1 1 2 . 2 1 2 1 Garrison Access 12 | . . . . . . . . 1 . . . . 1 . 2 . . . . 2 . 1 . . . . . 1 1 . 1 2 . . Phase Generator 1 | . . . . . . . . . . . . . . . . . . . . . . . . . . . . . . . . . 1 . Energy Cycler 1 | . . . . . . . . . . . . . . . . . . . . . . . . . . . . . . . . 1 . . Machines Repaired 5 | . . . . . . . . . . . . . . . . . . . . 2 . 2 . . . . . . . . . 1 . . Machines Dismantled . | . . . . . . . . . . . . . . . . . . . . . . . . . . . . . . . . . . . Machines Sabotaged . | . . . . . . . . . . . . . . . . . . . . . . . . . . . . . . . . . . . Overloaded Fab Kills . | . . . . . . . . . . . . . . . . . . . . . . . . . . . . . . . . . . . Hacking | -11 -10 -10 -10 -9 -9 -6 -6 -6 -6 -6 -6 -5 -5 -5 -5 -5 -5 -5 -4 -4 -4 -4 -4 -4 -4 -3 -3 -3 -3 -2 -2 -1 -1 -1 --------- Run | Yrd Mat Min Sub Rec Scr Fac Was Fac Low Low Dat Pro Fac Was Fac Upp Upp Zhi Pro Fac Was Fac Upp Upp War Pro Res Qua Frg Res Tes Acc Com Ac0 Machines Accessed 206 | . 7 1 2 10 3 24 . 26 1 1 3 3 17 . 28 . . 4 . 14 . 9 1 2 4 . 5 13 10 3 7 4 4 . Terminals 84 | . 5 . . 5 . 10 . 9 . . . 1 5 . 15 . . . . 5 . 3 1 1 . . 3 9 2 1 4 2 3 . Fabricators 24 | . . . . . . 3 . 5 . . . . 2 . 2 . . . . 4 . 3 . . . . 1 . 4 . . . . . Repair Stations 16 | . . . . . . 4 . 4 . . . 1 2 . 1 . . . . 2 . . . . . . 1 1 . . . . . . Recycling Units 33 | . 2 . . 5 . 3 . 5 . . . 1 5 . 5 . . . . . . 1 . . . . . . 3 2 . . 1 . Scanalyzers 17 | . . . . . . 4 . 1 . . . . 2 . 3 . . . . 1 . 1 . . . . . 2 . . 2 1 . . Garrison Access 12 | . . . . . . . . 2 . . . . 1 . 2 . . . . 2 . 1 . . . . . 1 1 . 1 1 . . Total Hacks 487 | . 17 1 6 20 7 61 . 67 1 1 22 4 33 . 61 . . 16 . 36 . 20 7 2 8 . 11 30 21 6 18 6 5 . Successful 285 | . 12 1 6 12 7 25 . 36 1 1 22 3 16 . 32 . . 16 . 23 . 15 7 2 8 . 7 15 4 2 8 3 1 . Failed 201 | . 5 . . 8 . 36 . 30 . . . 1 17 . 29 . . . . 13 . 5 . . . . 4 15 17 4 10 3 4 . Catastrophic 46 | . . . . . . 11 . 4 . . . . 1 . 5 . . . . 2 . 1 . . . . . 5 11 . 2 1 3 . Database Lockouts 1 | . . . . . . . . 1 . . . . . . . . . . . . . . . . . . . . . . . . . . Manual 177 | . 13 . . 10 . 15 . 26 . . . 3 17 . 27 . . . . 12 . 7 . . 1 . 5 8 18 4 4 4 3 . Terminals 197 | . 14 . . 13 . 20 . 27 . . . 1 13 . 33 . . . . 10 . 7 7 1 . . 6 20 6 3 10 3 3 . Fabricators 77 | . . . . . . 11 . 19 . . . . 5 . 11 . . . . 14 . 8 . . . . 3 . 6 . . . . . Repair Stations 34 | . . . . . . 6 . 10 . . . 2 4 . 3 . . . . 4 . . . . . . 2 3 . . . . . . Recycling Units 48 | . 3 . . 7 . 5 . 7 . . . 1 5 . 6 . . . . . . 2 . . . . . . 7 3 . . 2 . Scanalyzers 44 | . . . . . . 19 . 1 . . . . 3 . 5 . . . . 2 . 2 . . . . . 5 . . 6 1 . . Garrison Access 24 | . . . . . . . . 3 . . . . 3 . 3 . . . . 6 . 1 . . . . . 2 2 . 2 2 . . Terminal Hacks 124 | . 4 1 6 5 7 1 . 7 1 1 22 1 2 . 10 . . 16 . 4 . 4 7 2 8 . 1 6 1 1 5 1 . . Record 35 | . . . 5 . 5 . . . . . 6 . . . . . . 4 . . . . 7 1 7 . . . . . . . . . Part Schematic 15 | . . . . 2 . . . . . . 8 . . . 1 . . 4 . . . . . . . . . . . . . . . . Robot Schematic 5 | . . . . . . . . . . . 5 . . . . . . . . . . . . . . . . . . . . . . . Robot Analysis 5 | . . . . 1 . . . . . . . . . . . . . 4 . . . . . . . . . . . . . . . . Prototype ID Bank 9 | . . . . 2 . . . . . . 3 . . . . . . 4 . . . . . . . . . . . . . . . . Open Door 8 | . . 1 . . 1 . . . 1 1 . 1 . . . . . . . . . . . 1 1 . . . . . 1 . . . Level Access Points 1 | . . . . . . . . . . . . . . . . . . . . . . . . . . . . . 1 . . . . . Branch Access Points 4 | . . . . . . . . . . . . . 1 . 1 . . . . . . 1 . . . . . . . . . 1 . . Emergency Access Points 1 | . . . . . . . . . . . . . . . . . . . . . . . . . . . . . . . 1 . . . Terminal Index 3 | . 1 . . . . . . . . . . . . . 1 . . . . . . 1 . . . . . . . . . . . . Alert Level 6 | . . . . . . . . 1 . . . . . . 1 . . . . 2 . . . . . . . 2 . . . . . . Unreport Threat 8 | . . . . . . . . 1 . . . . . . . . . . . 1 . 2 . . . . . 3 . 1 . . . . Locate Traps 9 | . 1 . . . . . . 2 . . . . . . 4 . . . . . . . . . . . . 1 . . 1 . . . Reprogram Traps 3 | . 2 . . . . . . 1 . . . . . . . . . . . . . . . . . . . . . . . . . . Recall Investigation 1 | . . . . . . . . 1 . . . . . . . . . . . . . . . . . . . . . . . . . . Recall Extermination 1 | . . . . . . . . . . . . . . . 1 . . . . . . . . . . . . . . . . . . . Registered Components 2 | . . . . . . 1 . . . . . . . . 1 . . . . . . . . . . . . . . . . . . . Registered Prototypes 1 | . . . . . . . . . . . . . . . . . . . . . . . . . . . 1 . . . . . . . Zone Layout 4 | . . . . . . . . 1 . . . . 1 . . . . . . 1 . . . . . . . . . . 1 . . . Proto ID Catalog 2 | . . . 1 . 1 . . . . . . . . . . . . . . . . . . . . . . . . . . . . . Protovariant Controls 1 | . . . . . . . . . . . . . . . . . . . . . . . . . . . . . . . 1 . . . Fabricator Hacks 31 | . . . . . . 3 . 7 . . . . 2 . 5 . . . . 7 . 5 . . . . 2 . . . . . . . Network Status 5 | . . . . . . 1 . 1 . . . . 1 . . . . . . 1 . . . . . . 1 . . . . . . . Load Schematic 16 | . . . . . . . . 4 . . . . 1 . 3 . . . . 4 . 3 . . . . 1 . . . . . . . Build 10 | . . . . . . 2 . 2 . . . . . . 2 . . . . 2 . 2 . . . . . . . . . . . . Repair Station Hacks 13 | . . . . . . 1 . 6 . . . . . . 1 . . . . 2 . . . . . . 2 1 . . . . . . Scan Component 8 | . . . . . . 1 . 3 . . . . . . 1 . . . . 1 . . . . . . 1 1 . . . . . . Repair 4 | . . . . . . . . 3 . . . . . . . . . . . . . . . . . . 1 . . . . . . . Refit 1 | . . . . . . . . . . . . . . . . . . . . 1 . . . . . . . . . . . . . . Recycling Unit Hacks 1 | . . . . . . 1 . . . . . . . . . . . . . . . . . . . . . . . . . . . . Retrieve Components 1 | . . . . . . 1 . . . . . . . . . . . . . . . . . . . . . . . . . . . . Scanalyzer 29 | . . . . . . 12 . 1 . . . . 3 . 4 . . . . 2 . 1 . . . . . 3 . . 2 1 . . Insert Component 11 | . . . . . . 4 . . . . . . 1 . 1 . . . . 1 . . . . . . . 1 . . 2 1 . . Analyze 6 | . . . . . . 4 . . . . . . . . 1 . . . . . . . . . . . . 1 . . . . . . Retrieve Study 12 | . . . . . . 4 . 1 . . . . 2 . 2 . . . . 1 . 1 . . . . . 1 . . . . . . Garrison Access Hacks 9 | . . . . . . . . 1 . . . . 1 . 2 . . . . 2 . 1 . . . . . 1 . . . 1 . . Seal Access 9 | . . . . . . . . 1 . . . . 1 . 2 . . . . 2 . 1 . . . . . 1 . . . 1 . . Unauthorized Hacks 78 | . 8 . . 7 . 7 . 14 . . . 2 8 . 10 . . . . 6 . 4 . . . . 2 4 3 1 1 . 1 . Terminals 24 | . 6 . . 2 . 2 . 1 . . . . 1 . 2 . . . . 1 . 2 . . . . 1 4 2 . . . . . Track 1 | . . . . . . . . . . . . . . . . . . . . . . . . . . . . . 1 . . . . . Assimilate 2 | . . . . . . 1 . . . . . . . . . . . . . . . 1 . . . . . . . . . . . . Botnet 14 | . 2 . . 2 . 1 . 1 . . . . 1 . 2 . . . . 1 . 1 . . . . 1 2 . . . . . . Operators 2 | . 1 . . . . . . . . . . . . . . . . . . . . . . . . . . . 1 . . . . . Skim 5 | . 3 . . . . . . . . . . . . . . . . . . . . . . . . . . 2 . . . . . . Fabricators 21 | . . . . . . 2 . 7 . . . . 2 . 3 . . . . 5 . 1 . . . . 1 . . . . . . . Prioritize 6 | . . . . . . 1 . 2 . . . . . . 1 . . . . 1 . 1 . . . . . . . . . . . . Liberate 1 | . . . . . . . . 1 . . . . . . . . . . . . . . . . . . . . . . . . . . Haulers 5 | . . . . . . 1 . 1 . . . . 1 . 1 . . . . 1 . . . . . . . . . . . . . . Download 1 | . . . . . . . . 1 . . . . . . . . . . . . . . . . . . . . . . . . . . Recompile 8 | . . . . . . . . 2 . . . . 1 . 1 . . . . 3 . . . . . . 1 . . . . . . . Repair Stations 2 | . . . . . . . . 1 . . . 1 . . . . . . . . . . . . . . . . . . . . . . Patch 2 | . . . . . . . . 1 . . . 1 . . . . . . . . . . . . . . . . . . . . . . Recycling Units 29 | . 2 . . 5 . 3 . 5 . . . 1 5 . 5 . . . . . . 1 . . . . . . . 1 . . 1 . Recyclers 2 | . . . . . . 2 . . . . . . . . . . . . . . . . . . . . . . . . . . . . Tunnel 7 | . 2 . . 5 . . . . . . . . . . . . . . . . . . . . . . . . . . . . . . Fedlink 17 | . . . . . . 1 . 5 . . . . 5 . 5 . . . . . . 1 . . . . . . . . . . . . Scrapoids 1 | . . . . . . . . . . . . 1 . . . . . . . . . . . . . . . . . . . . . . Scraphulk 2 | . . . . . . . . . . . . . . . . . . . . . . . . . . . . . . 1 . . 1 . Scanalyzers . | . . . . . . . . . . . . . . . . . . . . . . . . . . . . . . . . . . . Garrison Access 2 | . . . . . . . . . . . . . . . . . . . . . . . . . . . . . 1 . 1 . . . Jam 2 | . . . . . . . . . . . . . . . . . . . . . . . . . . . . . 1 . 1 . . . Data Cores Recovered 7 | . . . . . . . . 2 . . . . . . . . . . . 2 . . . . . . 1 . 1 . . 1 . . Used 2 | . . . . . . . . . . . . . . . . . . . . . . . . . . . 1 . 1 . . . . . Hacking Detections 133 | . 6 . . 2 . 21 . 17 . . . 1 10 . 19 . . . . 9 . 7 . . . . 5 12 10 2 6 2 4 . Full Trace Events 20 | . . . . 1 . 3 . 5 . . . . . . 2 . . . . . . . . . . . . 2 4 2 . 1 . . Feedback Events 1 | . . . . . . . . . . . . . . . . . . . . . . . . . . . . . 1 . . . . . Corruption 1 | . . . . . . . . . . . . . . . . . . . . . . . . . . . . . 1 . . . . . Feedback Blocked . | . . . . . . . . . . . . . . . . . . . . . . . . . . . . . . . . . . . Robot Schematics Acquired 13 | . . . . . . . . . . . 5 . . . . . . . . . . . . . . . . . 5 . 3 . . . Robots Built 2 | . . . . . . 2 . . . . . . . . . . . . . . . . . . . . . . . . . . . . Authchips . | . . . . . . . . . . . . . . . . . . . . . . . . . . . . . . . . . . . Time 152 | . . . . . . 152 . . . . . . . . . . . . . . . . . . . . . . . . . . . . Total Robot Build Rating 10 | . . . . . . 10 . . . . . . . . . . . . . . . . . . . . . . . . . . . . Part Schematics Acquired 37 | . . . . 2 . 4 . 1 . . 8 . . . 2 . . 4 . . . . . . . . . 1 9 . 6 . . . Parts Built 13 | . . . . . . 2 . 2 . . . . . . 4 . . . . 2 . 3 . . . . . . . . . . . . Authchips 7 | . . . . . . . . 1 . . . . . . 2 . . . . 2 . 2 . . . . . . . . . . . . Time 577 | . . . . . . 64 . 96 . . . . . . 103 . . . . 139 . 175 . . . . . . . . . . . . Total Part Build Rating 100 | . . . . . . 16 . 16 . . . . . . 36 . . . . 14 . 18 . . . . . . . . . . . . Part Studies Acquired 9 | . . . . . . 4 . . . . . . 1 . 1 . . . . 1 . 1 . . . . . 1 . . . . . . Parts Repaired 4 | . . . . . . . . 3 . . . . . . . . . . . . . . . . . . 1 . . . . . . . Time 244 | . . . . . . . . 190 . . . . . . . . . . . . . . . . . . 54 . . . . . . . Parts Recycled . | . . . . . . . . . . . . . . . . . . . . . . . . . . . . . . . . . . . Recycled Matter . | . . . . . . . . . . . . . . . . . . . . . . . . . . . . . . . . . . . Retrieved Matter . | . . . . . . . . . . . . . . . . . . . . . . . . . . . . . . . . . . . Retrieved Components 3 | . . . . . . 3 . . . . . . . . . . . . . . . . . . . . . . . . . . . . Parts Scanalyzed 6 | . . . . . . 4 . . . . . . . . 1 . . . . . . . . . . . . 1 . . . . . . Part Schematics Acquired 6 | . . . . . . 4 . . . . . . . . 1 . . . . . . . . . . . . 1 . . . . . . Parts Damaged 2 | . . . . . . 2 . . . . . . . . . . . . . . . . . . . . . . . . . . . . Bothacking | -11 -10 -10 -10 -9 -9 -6 -6 -6 -6 -6 -6 -5 -5 -5 -5 -5 -5 -5 -4 -4 -4 -4 -4 -4 -4 -3 -3 -3 -3 -2 -2 -1 -1 -1 ------------ Run | Yrd Mat Min Sub Rec Scr Fac Was Fac Low Low Dat Pro Fac Was Fac Upp Upp Zhi Pro Fac Was Fac Upp Upp War Pro Res Qua Frg Res Tes Acc Com Ac0 Used RIF Installer . | . . . . . . . . . . . . . . . . . . . . . . . . . . . . . . . . . . . Robots Hacked 10 | . . . . . . . . . . . . . 1 . . . . . . . . . . . . . . . 6 . 3 . . . Non-combat 1 | . . . . . . . . . . . . . 1 . . . . . . . . . . . . . . . . . . . . . Combat . | . . . . . . . . . . . . . . . . . . . . . . . . . . . . . . . . . . . Robot Hacks Applied 1 | . . . . . . . . . . . . . 1 . . . . . . . . . . . . . . . . . . . . . find_chute 1 | . . . . . . . . . . . . . 1 . . . . . . . . . . . . . . . . . . . . . Manual 9 | . . . . . . . . . . . . . . . . . . . . . . . . . . . . . 6 . 3 . . . Relay Couplers Released 3 | . . . . . . . . 2 . . . . . . . . . . . . . . . . . . . . . . . 1 . . Machine Destruction 3 | . . . . . . . . 2 . . . . . . . . . . . . . . . . . . . . . . . 1 . . Fabnet Peak Effective % . | . . . . . . . . . . . . . . . . . . . . . . . . . . . . . . . . . . . Robots Rewired 14 | . . . . . . 1 . 1 . . . 1 . . . . . . . . . . . . 5 . . 1 . 1 2 2 . . Allies Hacked 1 | . . . . . . . . . . . . . . . . . . . . . . 1 . . . . . . . . . . . . Hacks Repelled . | . . . . . . . . . . . . . . . . . . . . . . . . . . . . . . . . . . . Allies | -11 -10 -10 -10 -9 -9 -6 -6 -6 -6 -6 -6 -5 -5 -5 -5 -5 -5 -5 -4 -4 -4 -4 -4 -4 -4 -3 -3 -3 -3 -2 -2 -1 -1 -1 -------- Run | Yrd Mat Min Sub Rec Scr Fac Was Fac Low Low Dat Pro Fac Was Fac Upp Upp Zhi Pro Fac Was Fac Upp Upp War Pro Res Qua Frg Res Tes Acc Com Ac0 Total Allies 89 | . . 1 . . 5 4 18 4 . . . 7 . 18 . . . . . . 19 1 . . 5 . . 1 . 1 2 2 1 . Largest Group 19 | . . 1 . . 5 5 18 15 . . . 5 1 18 2 . . . . . 19 12 . . 5 1 . 1 . 1 1 1 1 . Highest-Rated Group 699 | . . 31 . . 238 238 650 525 . . . 235 76 656 54 . . . . . 699 464 . . 267 49 . 145 . 60 59 110 139 . Highest-Rated Ally 145 | . . 31 . . 50 50 50 46 . . . 81 76 50 27 . . . . . 50 46 . . 64 49 . 145 . 60 59 110 139 . Initial UFD Resources 89 | . . . . . . 22 32 32 44 44 44 46 43 63 63 73 73 73 75 75 75 75 85 85 85 87 87 87 87 89 84 87 87 82 Total Orders 81 | . . . . . . . . 6 . . . . . . . . . . . 35 . 4 . . 4 . 1 . . . . 1 6 24 STAY 12 | . . . . . . . . 3 . . . . . . . . . . . 2 . . . . 3 . . . . . . 1 3 . FOLLOW 7 | . . . . . . . . 3 . . . . . . . . . . . 1 . . . . 1 . . . . . . . 2 . EXPLORE 10 | . . . . . . . . . . . . . . . . . . . . 1 . 4 . . . . 1 . . . . . . 4 RETURN 52 | . . . . . . . . . . . . . . . . . . . . 31 . . . . . . . . . . . . 1 20 Ally Attacks 1013 | . . 8 . . . 40 137 162 . . . 57 7 103 . . . . . 205 84 107 . . 15 7 . 3 . . 1 4 24 49 Total Damage 28281 | . . 124 . . . 1104 2800 2974 . . . 1925 348 2331 . . . . . 5384 1789 3312 . . 533 279 . 140 . . 44 121 1308 3765 Kills 113 | . . 1 . . . 6 6 22 . . . 14 3 4 . . . . . 16 4 18 . . 1 1 . . . . . 1 10 6 Allies Corrupted 6 | . . . . . . 1 . . . . . . . . . . . . . 1 . . . . . . . . . . . . . 4 Allies Melted 3 | . . . . . . . . . . . . . . . . . . . . . . . . . 2 . . . . 1 . . . . Intel | -11 -10 -10 -10 -9 -9 -6 -6 -6 -6 -6 -6 -5 -5 -5 -5 -5 -5 -5 -4 -4 -4 -4 -4 -4 -4 -3 -3 -3 -3 -2 -2 -1 -1 -1 ------- Run | Yrd Mat Min Sub Rec Scr Fac Was Fac Low Low Dat Pro Fac Was Fac Upp Upp Zhi Pro Fac Was Fac Upp Upp War Pro Res Qua Frg Res Tes Acc Com Ac0 Active Infowar (turns) 30779 | 16 510 346 3356 . . 1101 245 1050 506 599 40 1179 1757 353 1944 861 328 101 319 882 376 931 778 572 1275 672 403 800 1652 314 1214 2022 4121 156 Optics 6311 | . . . . . . 169 . . . . . . 176 353 1944 861 328 101 319 480 . . . . . . . . . . . . 1424 156 Sensors 26290 | . . . 3356 . . 875 245 1050 506 599 40 1179 1757 277 1507 774 321 101 319 843 376 931 711 516 1275 672 403 800 1471 313 809 1952 2312 . Terrain 1175 | . . . . . . . . . . . . . . . . . . . . . . . . . . . . . . . . . 1175 . Seismic 872 | 16 510 346 . . . . . . . . . . . . . . . . . . . . . . . . . . . . . . . . Machine Analysis 249 | . . . . . . 60 . . . . . . . . . . . . . 189 . . . . . . . . . . . . . . Cloaking 3775 | . . . . . . . . . . . . . 1 3 28 . 2 . . . . 4 662 572 63 . . . 181 314 764 1170 11 . ECM 1 | . . . . . . . . . . . . . . . . . . . . . . . . . . . . . 1 . . . . . ID Mask 29 | . . . . . . . . . . . . . . . . . . . . . . . . . . . . . 29 . . . . . Robot Analysis Total 5 | . . . . 1 . . . . . . . . . . . . . 4 . . . . . . . . . . . . . . . . Derelict Logs Recovered 19 | . . 1 2 . 3 . . . 1 1 . 3 . . . 1 1 . 2 . . . 2 2 . . . . . . . . . . Drone Launches 106 | . . . . . . . . . . . . . . . . . . . . 48 . 6 . . . . 4 . . . . . 9 39 Drone Recoveries 81 | . . . . . . . . . . . . . . . . . . . . 44 . 2 . . . . 1 . . . . . 3 31 Exploration | -11 -10 -10 -10 -9 -9 -6 -6 -6 -6 -6 -6 -5 -5 -5 -5 -5 -5 -5 -4 -4 -4 -4 -4 -4 -4 -3 -3 -3 -3 -2 -2 -1 -1 -1 ------------- Run | Yrd Mat Min Sub Rec Scr Fac Was Fac Low Low Dat Pro Fac Was Fac Upp Upp Zhi Pro Fac Was Fac Upp Upp War Pro Res Qua Frg Res Tes Acc Com Ac0 Turns Passed 50965 | 112 1581 790 4330 1527 4193 2318 251 1914 506 645 40 1476 1978 353 1944 861 328 101 319 1859 381 985 804 572 1275 672 495 2062 1862 314 1675 3327 8959 156 Spaces Moved 55725 | 57 718 482 2569 897 2449 2367 413 2567 1080 1169 89 2026 2378 505 2118 859 523 152 526 1910 221 1174 1100 954 1603 1022 664 3203 2416 489 2358 5398 8807 462 Core 4 | 4 . . . . . . . . . . . . . . . . . . . . . . . . . . . . . . . . . . Treads 1843 | . 502 . . . . . . . . . . . . . . . . . . . . . . . . . . . . . . . 1341 . Legs 462 | . . . . . . . . . . . . . . . . . . . . . . . . . . . . . . . . . 462 . Wheels 7490 | 53 216 482 2569 897 2449 824 . . . . . . . . . . . . . . . . . . . . . . . . . . . . Hover 45482 | . . . . . . 1543 413 2567 1080 1169 89 2026 2378 505 2118 859 523 152 526 1910 221 1174 1100 954 1603 1022 664 3203 2416 489 2358 5398 6560 462 Flight 444 | . . . . . . . . . . . . . . . . . . . . . . . . . . . . . . . . . 444 . Fastest Speed 17 | 50 100 145 145 145 100 28 38 33 43 43 43 43 48 48 48 49 49 49 49 47 44 43 47 47 44 44 36 37 35 36 31 30 27 17 Average Speed 61 | 96 163 145 145 161 165 63 38 39 43 43 43 46 49 50 48 49 49 49 49 48 45 44 47 47 44 44 41 44 37 36 35 39 65 23 Slowest Speed 490 | 100 240 145 145 190 190 266 38 98 43 43 43 52 111 105 118 49 49 49 49 51 47 47 47 47 47 44 47 135 216 92 96 108 490 30 Overloaded Moves 221 | . . . . . . 4 . 4 . . . . . . . . . . . . . . . . . . 13 8 . . . . . 192 Propulsion Burnouts . | . . . . . . . . . . . . . . . . . . . . . . . . . . . . . . . . . . . Robots Hopped . | . . . . . . . . . . . . . . . . . . . . . . . . . . . . . . . . . . . Potential Cave-ins 3 | . . . 1 . . . . . . . . . . . . . . . . . . . . . . . . 2 . . . . . . Cave-ins Triggered 1 | . . . . . . . . . . . . . . . . . . . . . . . . . . . . . . . . 1 . . Teleports 1 | . . . . . . . . . . . . . . . . . . . . . . . . . . . . . . . . . 1 . Exploration Rate (%) 72 | 3 97 97 97 99 89 58 97 58 98 97 72 92 48 96 53 81 64 63 68 38 91 25 93 97 91 87 21 98 51 15 95 88 90 30 Regions Visited 34 Branch Regions 21 Pre-discovered Areas 18 | . 2 1 1 5 . . . 1 . . 1 . . . . . . 3 1 . . . 1 1 1 . . . . . . . . . Known Exits Taken 21 | . . . . . . . . 1 1 1 1 1 . . 1 1 1 1 1 . . 1 1 1 1 1 1 1 1 1 1 1 . . Unknown Exits Taken 7 | 1 1 1 1 1 1 . . . . . . . . . . . . . . . . . . . . . . . . . . . 1 . Scrap Searched 49 | . . 1 10 . 8 . . . 9 5 . 3 . . . 2 . . 3 . . . 3 3 . 2 . . . . . . . . Spaces Dug 228 | . . . 6 1 . 20 . 12 2 . . . 42 . 27 6 1 . 1 10 . 16 3 . . . 9 5 7 3 5 41 9 2 Terrain Destroyed 4701 | . 35 8 30 2 . 73 . 12 2 78 . 31 82 56 70 48 1 . 1 168 . 16 3 . 91 85 82 5 14 42 702 581 2381 2 Melee 197 | . . . . 1 . 20 . 12 2 . . . 40 . 24 . 1 . 1 7 . 16 1 . . . 9 5 7 3 4 34 8 2 Projectile 44 | . . . 13 1 . . . . . . . . 2 . 11 10 . . . 7 . . . . . . . . . . . . . . AOE 4360 | . 35 8 17 . . 53 . . . 78 . 31 40 56 35 38 . . . 154 . . . . 91 85 73 . 7 39 628 523 2369 . Terrain Rammed . | . . . . . . . . . . . . . . . . . . . . . . . . . . . . . . . . . . . Walls Destroyed . | . . . . . . . . . . . . . . . . . . . . . . . . . . . . . . . . . . . Machines Disabled . | . . . . . . . . . . . . . . . . . . . . . . . . . . . . . . . . . . . Actions | -11 -10 -10 -10 -9 -9 -6 -6 -6 -6 -6 -6 -5 -5 -5 -5 -5 -5 -5 -4 -4 -4 -4 -4 -4 -4 -3 -3 -3 -3 -2 -2 -1 -1 -1 --------- Run | Yrd Mat Min Sub Rec Scr Fac Was Fac Low Low Dat Pro Fac Was Fac Upp Upp Zhi Pro Fac Was Fac Upp Upp War Pro Res Qua Frg Res Tes Acc Com Ac0 Total 69871 | 94 946 559 3083 952 2600 3039 499 3289 1117 1282 89 2504 2987 589 2864 1264 582 169 579 2686 494 1550 1319 1055 2153 1223 840 3777 3313 627 3045 6404 11803 495 Wait 9015 | 21 85 54 393 13 91 347 73 528 27 77 . 392 377 47 570 361 43 2 47 549 263 255 135 70 461 164 103 413 413 96 341 291 1907 6 Move 55690 | 56 717 481 2568 896 2448 2367 412 2566 1079 1168 88 2025 2378 504 2117 858 522 151 525 1910 220 1173 1099 953 1602 1021 663 3202 2413 488 2357 5396 8805 462 Hop . | . . . . . . . . . . . . . . . . . . . . . . . . . . . . . . . . . . . Pick Up 420 | 2 17 9 17 9 41 40 . 11 3 1 . 7 10 6 7 1 1 2 1 7 1 3 1 2 3 . 1 9 45 2 10 52 97 2 Fast Attach 461 | 7 2 . 2 . 3 35 4 15 1 . . 4 26 4 8 . 1 3 . 23 1 10 . . 14 . 11 34 34 1 35 71 109 3 Attach 283 | . 3 3 1 1 1 22 . 3 . . . . 9 2 4 2 1 1 . 12 1 11 3 2 3 . 3 9 16 3 13 53 100 1 Detach 149 | . 1 . . . 1 5 . . . . . . 2 . 2 1 . . . 8 . 10 2 1 1 . 3 5 13 2 7 27 57 1 Swap 437 | . 22 2 22 2 1 23 2 21 . 15 1 20 21 5 28 10 4 . . 17 2 6 15 12 1 13 12 15 43 2 22 39 37 2 Drop 674 | . 8 2 23 6 13 80 4 21 3 1 . 12 31 9 12 1 1 2 1 26 . 9 1 . 15 1 7 37 64 . 38 77 167 2 Fire 888 | 8 90 8 55 1 . 6 . . . 4 . 2 6 8 17 14 . . . 16 4 7 45 . 9 6 6 3 30 2 90 152 299 . Melee 1613 | . 1 . . 23 . 97 4 121 4 12 . 35 127 4 99 14 9 8 5 114 2 59 15 15 9 15 30 39 155 30 115 221 217 14 Ram . | . . . . . . . . . . . . . . . . . . . . . . . . . . . . . . . . . . . Kick . | . . . . . . . . . . . . . . . . . . . . . . . . . . . . . . . . . . . Crush . | . . . . . . . . . . . . . . . . . . . . . . . . . . . . . . . . . . . Escape Stasis 130 | . . . . . . 14 . . . . . . . . . . . . . . . . . . . . . . 87 . 10 18 1 . Rewire 71 | . . . 1 . 1 3 . 3 . 4 . 3 . . . . . . . . . . . . 35 . . 2 . 1 7 2 7 2 Trap 21 | . . . 1 1 . . . . . . . 4 . . . 1 . . . . . . 3 . . 2 . 9 . . . . . . Miscellaneous 19 | . . . . . . . . . . . . . . . . 1 . . . 4 . 7 . . . 1 1 . . . . 5 . . Route ------- -11/Scrapyard -10/Materials (discovered 5 exits: [*Mat x3] / *Min x2) -10/Mines (discovered 3 exits: [*Mat x2] / *Sub) -10/Subcaves (discovered 3 exits: [*Mat x2] / *Rec) -9/Recycling (discovered 2 exits: [*Fac] / *Scr) -9/Scraptown (discovered 2 exits: *Fac x2) -6/Factory (discovered 5 exits: *Fac x3 / *Low x2) -6/Waste -6/Factory (discovered 4 exits: *Fac x3 / *Low) -6/Lower Caves -6/Lower Caves (discovered 2 exits: *Fac / *Dat) -6/Data Miner -5/Proximity Caves -5/Factory (discovered 4 exits: *Fac x2 / Upp x2) -5/Waste -5/Factory (discovered 5 exits: *Fac x3 / *Upp x2) -5/Upper Caves -5/Upper Caves (discovered 2 exits: *Fac / *Zhi) -5/Zhirov -4/Proximity Caves -4/Factory (discovered 4 exits: *Res / *Upp x2 / Ext) -4/Waste -4/Factory (discovered 3 exits: *Res / *Upp / *Ext) -4/Upper Caves -4/Upper Caves (discovered 2 exits: *Res / *War) -4/Warlord -3/Proximity Caves -3/Research (discovered 3 exits: *Res x2 / *Qua) -3/Quarantine (discovered 3 exits: *Res / *Sec / *Frg) -3/Protoforge -2/Research (discovered 2 exits: *Tes x2) -2/Testing -1/Access -1/Command (discovered 3 exits: *Sur x2 / [*Ac0]) -1/Access_0 History --------- Turn | Location | Event 8 | -11/Scrapyard | Discovered new exit (range 16) 113 | -11/Scrapyard | Entered Materials 303 | -10/Materials | Build established: Mutant 529 | -10/Materials | Discovered new exit (range 6) 561 | -10/Materials | Discovered new exit (range 8) 758 | -10/Materials | Discovered new exit (range 13) 891 | -10/Materials | Discovered new exit (range 7) 1036 | -10/Materials | Discovered new exit (range 16) 1694 | -10/Materials | Entered Mines 1760 | -10/Mines | Discovered new exit (range 10) 1876 | -10/Mines | Received a Mining Laser from a helpful Derelict 1973 | -10/Mines | Met a Derelict shopkeep closing up shop 2258 | -10/Mines | Discovered new exit (range 13) 2477 | -10/Mines | Discovered new exit (range 6) 2484 | -10/Mines | Entered Subcaves 2504 | -10/Subcaves | Shifting Twisted Machinery released Spk. Treads 2562 | -10/Subcaves | Shifting Twisted Machinery released Mak. Hammer 2563 | -10/Subcaves | Shifting Twisted Machinery released Mak. System Restoration Module 2595 | -10/Subcaves | Ambushed by swarm of Subdwellers 2855 | -10/Subcaves | Curiously followed by a Cobbler waking with a query about "LVR3C" 3604 | -10/Subcaves | Discovered new exit (range 13) 3647 | -10/Subcaves | Discovered new exit (range 10) 3841 | -10/Subcaves | Discovered new exit (range 9) 4112 | -10/Subcaves | Shifting Twisted Machinery released Piercing Trap 4161 | -10/Subcaves | Shifting Twisted Machinery released Sub. Monowheel 4453 | -10/Subcaves | A swath of the cavern ceiling suddenly collapsed 5065 | -10/Subcaves | Visited Clippyterm 5070 | -10/Subcaves | Learned 40 Factory zone layouts 5084 | -10/Subcaves | Learned Materials terminal intel 5364 | -10/Subcaves | A swath of the cavern ceiling suddenly collapsed 5451 | -10/Subcaves | Visited 4L-MR0's lab 6326 | -10/Subcaves | Found Gun Armor 6814 | -10/Subcaves | Entered Recycling 7194 | -9/Recycling | Discovered new exit (range 9) 7844 | -9/Recycling | Core integrity fell below 50% 8297 | -9/Recycling | Scanned before Scraplab entrance 8324 | -9/Recycling | Entered Scraplab 8339 | -9/Recycling | Discovered new exit (range 2) 8341 | -9/Recycling | Entered Scraptown 8568 | -9/Scraptown | Visited Awakened 8607 | -9/Scraptown | Visited Fellowship of the Rings 8625 | -9/Scraptown | Visited Cyclists 8651 | -9/Scraptown | Visited Red Mages 8720 | -9/Scraptown | Visited Bundlers 8754 | -9/Scraptown | Visited Science Testing Area 8826 | -9/Scraptown | Scanned Subdweller tech in exchange for log data 8830 | -9/Scraptown | Learned location of 1 exit from Factory 8834 | -9/Scraptown | Learned Research terminal intel 8853 | -9/Scraptown | Discovered new exit (range 13) 9111 | -9/Scraptown | Heard Great Nut preacher, LISTEN AND RECITE! 9376 | -9/Scraptown | Visited UFD Registry 9376 | -9/Scraptown | Registered with UFD as "Thunderboard" 9429 | -9/Scraptown | Visited LU-1G1's Boring Crew 9457 | -9/Scraptown | Visited Research Penetration Think Tank 9499 | -9/Scraptown | Visited Sword Containment 9537 | -9/Scraptown | Visited Scrapoid Research Area 9601 | -9/Scraptown | Visited Scrapoid Pod Storage 9654 | -9/Scraptown | Received an X-ray algorithm 9709 | -9/Scraptown | Visited Abandonware Association 9722 | -9/Scraptown | Learned abandonware demo "OVRCLOCK.EXE" 9732 | -9/Scraptown | Learned abandonware demo "MELTYB.EXE" 9764 | -9/Scraptown | Visited Science Guys 9825 | -9/Scraptown | Visited A0-MCA Data Center 9837 | -9/Scraptown | Given a B- rating by A0-MCA 9843 | -9/Scraptown | Found A0-MCA's Component Scanner 9919 | -9/Scraptown | Visited Junk Cannon Lab 10198 | -9/Scraptown | Delivered Scrap Shield to a Scientist 10403 | -9/Scraptown | Found Scrapoid Pod 10813 | -9/Scraptown | Entered Cyclist Reading Room 10896 | -9/Scraptown | Scrapoid Pod released 09S06-D (x5) 11273 | -9/Scraptown | Build established: Hauler-Mutant 11702 | -9/Scraptown | Found Prototype Slashing Weapon 11842 | -9/Scraptown | Found Prototype Special Weapon 11842 | -9/Scraptown | Identified Junk Cannon 12420 | -9/Scraptown | Met Optimus 12420 | -9/Scraptown | Accepted into 0bPrime 12525 | -9/Scraptown | Discovered new exit (range 3) 12534 | -9/Scraptown | Entered Factory 12534 | -6/Factory | Accompanied by 5 allies 12534 | -6/Factory | Evolved 8 slots: Propulsion x4, Utility x4 12535 | -6/Factory | Identified exit to Lower Caves 12535 | -6/Factory | Identified Companion Sword 12536 | -6/Factory | Identified exit to Factory 12629 | -6/Factory | Found Scrap Suit 12650 | -6/Factory | Found Scrap Suit 12673 | -6/Factory | Lost 4 allies 12937 | -6/Factory | Build established: Scavenger-Scrapper 13256 | -6/Factory | Discovered exit to Factory (range 2) 13279 | -6/Factory | Build established: Hauler-Scrapper 13518 | -6/Factory | Fabricated H-66 Slayer? 13556 | -6/Factory | Fabricated Mic. Antimatter Reactor (x2) 14021 | -6/Factory | Build established: Gladiator 14132 | -6/Factory | Allied Derelicts emerged from ambush trap array 14641 | -6/Factory | Found Prototype Launcher 14641 | -6/Factory | Identified Scatter Rocket Array 14702 | -6/Factory | Loaded intel: 8 recycling unit locations 14706 | -6/Factory | Build established: Mutant 14852 | -6/Factory | Sucked down chute 14852 | -6/Factory | Entered Waste 14864 | -6/Waste | Spotted C-40 Crusher 14875 | -6/Waste | Spotted C-40 Crusher 14887 | -6/Waste | Spotted C-40 Crusher 14891 | -6/Waste | Warlord forces began an assault 14895 | -6/Waste | Allies destroyed C-40 Crusher 14905 | -6/Waste | Allies destroyed C-40 Crusher 14917 | -6/Waste | 2 allies followed down the chute 14919 | -6/Waste | Allies destroyed C-40 Crusher 14935 | -6/Waste | Spotted C-40 Crusher 14938 | -6/Waste | Allies destroyed C-40 Crusher 14941 | -6/Waste | Allies destroyed C-40 Crusher 14982 | -6/Waste | Discovered new exit (range 15) 15014 | -6/Waste | Build established: Gladiator 15058 | -6/Waste | Identified exit to Factory 15103 | -6/Waste | Entered Factory 15103 | -6/Factory | Accompanied by 15 allies 15113 | -6/Factory | Discovered exit to Factory (range 9) 15183 | -6/Factory | Loaded intel: 8 recycling unit locations 15183 | -6/Factory | Learned location of Protoforge (-3) 15310 | -6/Factory | Lost 3 allies 15471 | -6/Factory | Discovered exit to Lower Caves (range 12) 15496 | -6/Factory | Garrison activated, responded to threat 15576 | -6/Factory | Repaired Cld. Airjet 15761 | -6/Factory | Repaired Cld. Airjet 15803 | -6/Factory | First assault squad dispatched 15837 | -6/Factory | Fabricated Antigrav Array (x1) 16130 | -6/Factory | Discovered exit to Factory (range 5) 16538 | -6/Factory | Spotted B-75 Beast 16575 | -6/Factory | Fabricated Antigrav Array? 16697 | -6/Factory | Core integrity fell below 50% 16742 | -6/Factory | Central database locked down 16830 | -6/Factory | Repaired Imp. Heavy Armor Plating 16981 | -6/Factory | Discovered exit to Factory (range 16) 17017 | -6/Factory | Entered Lower Caves 17019 | -6/Lower Caves | UFD Scientist delivered a prototype 17020 | -6/Lower Caves | Found Prototype Protection 17020 | -6/Lower Caves | Identified Enh. Scrap Shield 17084 | -6/Lower Caves | Encountered a Warlord checkpoint 17204 | -6/Lower Caves | Attracted the attention of an 0b10 checkpoint 17325 | -6/Lower Caves | Discovered new exit (range 11) 17330 | -6/Lower Caves | Identified exit to Lower Caves 17469 | -6/Lower Caves | Learned 4 Factory zone layouts 17523 | -6/Lower Caves | Entered another Lower Caves area 17528 | -6/Lower Caves | Attracted the attention of an 0b10 checkpoint 17559 | -6/Lower Caves | Discovered exit to Factory (range 10) 17709 | -6/Lower Caves | Entered a destroyed Warlord outpost 17775 | -6/Lower Caves | Found DCF Scrap (12 items) 17879 | -6/Lower Caves | Found Alien Artifact 17926 | -6/Lower Caves | Discovered new exit (range 9) 18029 | -6/Lower Caves | Identified exit to Data Miner 18168 | -6/Lower Caves | Entered Data Miner 18168 | -6/Data Miner | Discovered new exit (range 6) 18177 | -6/Data Miner | Met Data Miner 18184 | -6/Data Miner | Acquired the access code to Warlord's prototype stash 18184 | -6/Data Miner | Learned location of Section 7 (-3) 18194 | -6/Data Miner | Received God Mode back door access code from Data Miner 18206 | -6/Data Miner | Identified exit to Proximity Caves 18208 | -6/Data Miner | Entered Proximity Caves 18210 | -5/Proximity Caves | Greeted by an Infiltrator in a former 0b10 base 18213 | -5/Proximity Caves | Watched by a mysterious "MATRIX" hacker 18238 | -5/Proximity Caves | Scrapoids reinforcements arrived? 18246 | -5/Proximity Caves | Former 0b10 base attacked by MAIN.C 18437 | -5/Proximity Caves | Learned Factory interactive machine intel 18478 | -5/Proximity Caves | Lost 11 allies 18608 | -5/Proximity Caves | 0b10 base defense nominally successful 18696 | -5/Proximity Caves | Lost 3 allies 18764 | -5/Proximity Caves | Lost 6 allies 18893 | -5/Proximity Caves | Attracted the attention of an 0b10 checkpoint 18957 | -5/Proximity Caves | Learned Factory non-interactive machine intel 19254 | -5/Proximity Caves | Lost 3 allies 19441 | -5/Proximity Caves | Spotted B-75 Beast 19480 | -5/Proximity Caves | Rewired B-75 Beast 19567 | -5/Proximity Caves | Discovered exit to Factory (range 15) 19684 | -5/Proximity Caves | Entered Factory 19684 | -5/Factory | Accompanied by 1 ally 19684 | -5/Factory | Evolved 2 slots: Utility x2 19685 | -5/Factory | Identified exit to Factory 19686 | -5/Factory | Loaded intel: 222 non-interactive machine locations 19687 | -5/Factory | Loaded intel: 54 interactive machine locations 19698 | -5/Factory | Identified Dimensional Node Initializer 19746 | -5/Factory | Loaded intel: 8 recycling unit locations 20584 | -5/Factory | First assault squad dispatched 20803 | -5/Factory | Identified exit to Upper Caves 20871 | -5/Factory | Spotted B-75 Beast 21039 | -5/Factory | Build established: Scavenger-Gladiator 21315 | -5/Factory | Discovered exit to Factory (range 6) 21316 | -5/Factory | Incoming assault squad redirected 21383 | -5/Factory | Cargo convoy interrupted 21480 | -5/Factory | Found Prototype Device 21480 | -5/Factory | Identified Thermal Barrier 21486 | -5/Factory | Found Prototype Processor 21486 | -5/Factory | Identified Spectral Analyzer 21489 | -5/Factory | Found Prototype Hackware 21489 | -5/Factory | Identified Exp. Hacking Suite 21662 | -5/Factory | Sucked down chute 21662 | -5/Factory | Entered Waste 21672 | -5/Waste | Spotted C-40 Crusher 21674 | -5/Waste | Spotted C-40 Crusher 21675 | -5/Waste | Spotted C-40 Crusher 21677 | -5/Waste | Spotted C-40 Crusher 21707 | -5/Waste | Spotted C-40 Crusher 21747 | -5/Waste | Spotted C-40 Crusher 21767 | -5/Waste | Discovered new exit (range 12) 21773 | -5/Waste | Warlord forces began an assault 21784 | -5/Waste | Build established: Ninja 21842 | -5/Waste | Destroyed C-40 Crusher 21848 | -5/Waste | Destroyed C-40 Crusher 21854 | -5/Waste | Destroyed C-40 Crusher 21868 | -5/Waste | Lost 4 allies 22002 | -5/Waste | Identified exit to Factory 22015 | -5/Waste | Entered Factory 22015 | -5/Factory | Accompanied by 2 allies 22147 | -5/Factory | Build established: Scout 22157 | -5/Factory | Found Prototype Launcher 22157 | -5/Factory | Identified Smartbomb Launcher 22282 | -5/Factory | Fabricated Cmb. Linear Gravjet (x2) 22321 | -5/Factory | Fabricated Cmb. Linear Gravjet? 22347 | -5/Factory | Discovered exit to Factory (range 21) 22575 | -5/Factory | Loaded intel: 8 recycling unit locations 23215 | -5/Factory | First assault squad dispatched 23286 | -5/Factory | Discovered exit to Factory (range 4) 23721 | -5/Factory | Discovered exit to Factory (range 23) 23845 | -5/Factory | Forged Quantum Companion 23959 | -5/Factory | Entered Upper Caves 24330 | -5/Upper Caves | Learned location of 1 exit from Factory 24356 | -5/Upper Caves | Attracted the attention of an 0b10 checkpoint 24750 | -5/Upper Caves | Discovered new exit (range 15) 24762 | -5/Upper Caves | Identified exit to Upper Caves 24820 | -5/Upper Caves | Entered another Upper Caves area 24872 | -5/Upper Caves | Attracted the attention of an 0b10 checkpoint 24937 | -5/Upper Caves | Discovered exit to Factory (range 6) 25068 | -5/Upper Caves | Spotted B-75 Beast 25129 | -5/Upper Caves | Discovered new exit (range 15) 25136 | -5/Upper Caves | Identified exit to Zhirov 25143 | -5/Upper Caves | Found Alien Artifact 25143 | -5/Upper Caves | Identified Core Expander 25143 | -5/Upper Caves | Installed Core Expander, added new Weapon slot 25148 | -5/Upper Caves | Entered Zhirov 25148 | -5/Zhirov | Discovered new exit (range 3) 25157 | -5/Zhirov | Met Zhirov 25169 | -5/Zhirov | Learned location of Command (-1) 25169 | -5/Zhirov | Learned location of Testing (-2) 25169 | -5/Zhirov | Learned location of Quarantine (-3) 25175 | -5/Zhirov | Zhirov requested help retrieving the SGEMP Prototype 25182 | -5/Zhirov | Found Alien Artifact 25182 | -5/Zhirov | Identified Integrated Reactor 25182 | -5/Zhirov | Installed Integrated Reactor, increased core energy generation (+10) 25231 | -5/Zhirov | Found Alien Artifact 25249 | -5/Zhirov | Identified exit to Proximity Caves 25249 | -5/Zhirov | Entered Proximity Caves 25369 | -4/Proximity Caves | Learned location of 1 exit from Upper Caves 25561 | -4/Proximity Caves | Discovered exit to Factory (range 4) 25568 | -4/Proximity Caves | Entered Factory 25568 | -4/Factory | Evolved 2 slots: Power x1, Utility x1 25569 | -4/Factory | Identified exit to Extension 25570 | -4/Factory | Identified exit to Upper Caves 25623 | -4/Factory | Discovered exit to Upper Caves (range 13) 25934 | -4/Factory | Unchained authorized (DW-4LL) 26074 | -4/Factory | Found Prototype Device 26074 | -4/Factory | Identified Adv. EM Shield 26089 | -4/Factory | Fabricated Assault Drone Bay (x1) 26138 | -4/Factory | Fabricated Assault Drone Bay? 26348 | -4/Factory | Build established: Machinist-Mutant 26570 | -4/Factory | DW-4LL burst out of a wall 26570 | -4/Factory | Spotted DW-4LL 26646 | -4/Factory | Destroyed DW-4LL 26649 | -4/Factory | Found Prototype Device 26649 | -4/Factory | Identified Exp. Weapon Cycler 26658 | -4/Factory | Found ID Mask 26864 | -4/Factory | Identified Transdimensional Reconstructor 26979 | -4/Factory | Garrison activated, responded to threat 27149 | -4/Factory | Targeted by mysterious "MATRIX" hacker 27166 | -4/Factory | Discovered new exit (range 10) 27170 | -4/Factory | Identified exit to Research 27236 | -4/Factory | Incoming investigation squad redirected 27427 | -4/Factory | Sucked down chute 27427 | -4/Factory | Entered Waste 27434 | -4/Waste | Destroyed C-40 Crusher 27436 | -4/Waste | Spotted C-40 Crusher 27444 | -4/Waste | Destroyed C-40 Crusher 27451 | -4/Waste | Spotted C-40 Crusher 27460 | -4/Waste | Warlord forces began an assault 27474 | -4/Waste | Allies destroyed C-40 Crusher 27501 | -4/Waste | Spotted C-40 Crusher 27502 | -4/Waste | Allies destroyed C-40 Crusher 27522 | -4/Waste | Spotted C-40 Crusher 27524 | -4/Waste | Lost 3 allies 27571 | -4/Waste | Lost 3 allies 27572 | -4/Waste | Discovered new exit (range 12) 27578 | -4/Waste | Identified exit to Factory 27808 | -4/Waste | Entered Factory 27808 | -4/Factory | Accompanied by 12 allies 27927 | -4/Factory | Discovered exit to Extension (range 15) 27962 | -4/Factory | Fabricated Weapon Mount (x2) 28076 | -4/Factory | Lost 3 allies 28187 | -4/Factory | Spotted B-86 Titan 28226 | -4/Factory | Discovered exit to Research (range 5) 28334 | -4/Factory | Discovered exit to Upper Caves (range 49) 28423 | -4/Factory | Lost 3 allies 28463 | -4/Factory | Incoming investigation squad redirected 28500 | -4/Factory | Fabricated Antigrav Array? 28614 | -4/Factory | Fabricated Antigrav Array (x1) 28630 | -4/Factory | Loaded intel: 8 recycling unit locations 28793 | -4/Factory | Entered Upper Caves 28794 | -4/Upper Caves | Identified exit to Upper Caves 29110 | -4/Upper Caves | Encountered a Warlord checkpoint 29235 | -4/Upper Caves | Learned Research security intel 29235 | -4/Upper Caves | Learned Extension trap positions 29235 | -4/Upper Caves | Learned Research trap positions 29251 | -4/Upper Caves | Build established: Scavenger-Mutant 29308 | -4/Upper Caves | Attracted the attention of an 0b10 checkpoint 29423 | -4/Upper Caves | Learned location of 1 exit from Research 29445 | -4/Upper Caves | Entered a destroyed Warlord outpost 29592 | -4/Upper Caves | Build established: Machinist-Mutant 29597 | -4/Upper Caves | Entered another Upper Caves area 29598 | -4/Upper Caves | Identified exit to Warlord 29606 | -4/Upper Caves | Encountered a Warlord checkpoint 29651 | -4/Upper Caves | Discovered exit to Research (range 7) 29846 | -4/Upper Caves | Attracted the attention of an 0b10 checkpoint 29869 | -4/Upper Caves | Initialized slip node 30169 | -4/Upper Caves | Entered Warlord 30225 | -4/Warlord | Opened Warlord's prototype stash 30232 | -4/Warlord | Found Prototype Processor 30232 | -4/Warlord | Identified Exp. Target Analyzer 30235 | -4/Warlord | Found Prototype Device 30235 | -4/Warlord | Identified System Purifier 30326 | -4/Warlord | Found Prototype Special Weapon 30326 | -4/Warlord | Identified RU-N14's Throwing Claymores v3 30329 | -4/Warlord | Found RU-N14's Throwing Claymores v3 30331 | -4/Warlord | Found RU-N14's Throwing Claymores v3 30352 | -4/Warlord | Build established: Trapper-Mutant 30403 | -4/Warlord | Learned Quarantine emergency access door positions 30403 | -4/Warlord | Learned 4 Command zone layouts 30403 | -4/Warlord | Learned 4 Testing zone layouts 30403 | -4/Warlord | Learned 4 Armory zone layouts 30404 | -4/Warlord | Learned Armory recycling unit intel 30507 | -4/Warlord | Visited the Vortex Lab 30509 | -4/Warlord | Warlord's base attacked by MAIN.C 30511 | -4/Warlord | Found Prototype Piercing Weapon 30511 | -4/Warlord | Identified Vortex Lance 30513 | -4/Warlord | Found Vortex Lance 30571 | -4/Warlord | Rebuked by Warlord 30859 | -4/Warlord | Warlord forces counterattacked 30883 | -4/Warlord | Spotted Striker 30944 | -4/Warlord | Spotted Striker 30944 | -4/Warlord | Spotted Striker 30991 | -4/Warlord | Lost 14 allies 30997 | -4/Warlord | Spotted Executioner 31009 | -4/Warlord | Found Prototype Device 31009 | -4/Warlord | Identified Adv. Kinecellerator 31011 | -4/Warlord | Spotted Striker 31014 | -4/Warlord | Spotted B-86 Titan 31016 | -4/Warlord | Spotted B-90 Cyclops 31062 | -4/Warlord | Lost 7 allies 31111 | -4/Warlord | Spotted Striker 31144 | -4/Warlord | Destroyed 9 combat bots 31171 | -4/Warlord | Lost 8 allies 31184 | -4/Warlord | Warlord base infiltrated, sounded retreat 31285 | -4/Warlord | Discovered new exit (range 8) 31324 | -4/Warlord | Spotted Executioner 31324 | -4/Warlord | Spotted Executioner 31328 | -4/Warlord | Allies destroyed Executioner 31386 | -4/Warlord | Lost 9 allies 31401 | -4/Warlord | Identified exit to Proximity Caves 31444 | -4/Warlord | Spotted B-90 Cyclops 31444 | -4/Warlord | Entered Proximity Caves 31444 | -3/Proximity Caves | Accompanied by 1 ally 31446 | -3/Proximity Caves | Lost 3 allies 31446 | -3/Proximity Caves | Spotter reported a threat 31495 | -3/Proximity Caves | Build established: Trapper-Gladiator 32109 | -3/Proximity Caves | Attracted the attention of an 0b10 checkpoint 32113 | -3/Proximity Caves | Discovered exit to Research (range 5) 32116 | -3/Proximity Caves | Entered Research 32116 | -3/Research | Evolved 2 slots: Propulsion x1, Utility x1 32117 | -3/Research | Identified exit to Research 32118 | -3/Research | Loaded intel: 102 trap records 32120 | -3/Research | Loaded intel: 26 terminal locations 32227 | -3/Research | Incoming investigation squad redirected 32352 | -3/Research | Discovered exit to Research (range 6) 32413 | -3/Research | Repaired Cld. Antigrav System 32524 | -3/Research | Found Fusion Bomb Launcher 32588 | -3/Research | Garrison activated, responded to threat 32592 | -3/Research | Spotted B-90 Cyclops 32606 | -3/Research | Discovered new exit (range 12) 32610 | -3/Research | Identified exit to Quarantine 32611 | -3/Research | Entered Quarantine 32636 | -3/Quarantine | Cryocooling Duct disabled 32651 | -3/Quarantine | Ambient heat levels rising (+20) 32651 | -3/Quarantine | Non-combat units ordered to evacuate 32740 | -3/Quarantine | Cryocooling Duct disabled 32755 | -3/Quarantine | Ambient heat levels rising (+20) 32755 | -3/Quarantine | Combat units ordered to evacuate 32838 | -3/Quarantine | Found Adv. Powered Armor 32855 | -3/Quarantine | Quarantine Guard activated 32878 | -3/Quarantine | Spotted Quarantine Guard 32879 | -3/Quarantine | Spotted Quarantine Guard 32887 | -3/Quarantine | Spotted Quarantine Guard 32887 | -3/Quarantine | Spotted Quarantine Guard 32958 | -3/Quarantine | Spotted Quarantine Guard 32991 | -3/Quarantine | Destroyed Quarantine Guard 32994 | -3/Quarantine | Spotted Quarantine Guard 32995 | -3/Quarantine | Spotted Quarantine Guard 32996 | -3/Quarantine | Spotted Quarantine Guard 33044 | -3/Quarantine | Destroyed Quarantine Guard 33073 | -3/Quarantine | Destroyed Quarantine Guard 33088 | -3/Quarantine | Spotted Quarantine Guard 33090 | -3/Quarantine | Lost 3 parts (2p1u) 33114 | -3/Quarantine | Rewired Quarantine Guard 33137 | -3/Quarantine | Discovered exit to Research (range 15) 33137 | -3/Quarantine | Spotted Quarantine Guard 33169 | -3/Quarantine | Destroyed Quarantine Guard 33208 | -3/Quarantine | Spotted Quarantine Guard 33264 | -3/Quarantine | Destroyed Quarantine Guard 33321 | -3/Quarantine | Spotted Quarantine Guard 33378 | -3/Quarantine | Destroyed Quarantine Guard 33409 | -3/Quarantine | Destroyed Quarantine Guard 33427 | -3/Quarantine | Attached Gun Armor, gained temporary slots: Weapon x2 33480 | -3/Quarantine | Found Alien Slashing Weapon 33480 | -3/Quarantine | Identified Sigix Broadsword 33548 | -3/Quarantine | Found Alien Artifact 33549 | -3/Quarantine | Identified Subatomic Replicator 33549 | -3/Quarantine | Forged Prototype Slashing Weapon 33631 | -3/Quarantine | Destroyed Quarantine Guard 33656 | -3/Quarantine | Build established: Scavenger-Gladiator 33726 | -3/Quarantine | Destroyed Quarantine Guard 33909 | -3/Quarantine | Found Alien Impact Weapon 33909 | -3/Quarantine | Identified Core Stripper 34068 | -3/Quarantine | Spotted Fortress 34075 | -3/Quarantine | Destroyed Fortress 34086 | -3/Quarantine | Found Prototype Protection 34086 | -3/Quarantine | Identified Centrium Heavy Armor Plating 34088 | -3/Quarantine | Found Prototype Device 34088 | -3/Quarantine | Identified Exp. Force Field 34095 | -3/Quarantine | Found Prototype Device 34095 | -3/Quarantine | Identified Exp. EM Shield 34105 | -3/Quarantine | Found Prototype Reactor 34105 | -3/Quarantine | Identified Vortex Chain Reactor 34113 | -3/Quarantine | Found Vortex Chain Reactor 34150 | -3/Quarantine | Found Alien Reactor 34318 | -3/Quarantine | Found Alien Artifact 34318 | -3/Quarantine | Identified Phase Armor 34389 | -3/Quarantine | Found Alien Artifact 34456 | -3/Quarantine | Build established: Trapper-Gladiator 34668 | -3/Quarantine | Discovered new exit (range 7) 34668 | -3/Quarantine | Discovered new exit (range 6) 34670 | -3/Quarantine | Identified exit to Protoforge 34672 | -3/Quarantine | Identified exit to Section 7 34673 | -3/Quarantine | Entered Protoforge 34691 | -3/Protoforge | Superfortress began startup sequence 34810 | -3/Protoforge | Spotted Hotshot 34831 | -3/Protoforge | ID Mask engaged 34860 | -3/Protoforge | ID Mask no longer valid 34889 | -3/Protoforge | Incoming investigation squad redirected 34974 | -3/Protoforge | Found Prototype Device 35022 | -3/Protoforge | Forge Plexus network access discovered 35055 | -3/Protoforge | Spotted Immortal 35060 | -3/Protoforge | Spotted Decapitator 35060 | -3/Protoforge | Spotted Decapitator 35060 | -3/Protoforge | Spotted Decapitator 35060 | -3/Protoforge | Spotted Decapitator 35071 | -3/Protoforge | Destroyed Decapitator 35071 | -3/Protoforge | Destroyed Decapitator 35071 | -3/Protoforge | Destroyed Decapitator 35078 | -3/Protoforge | Destroyed Decapitator 35086 | -3/Protoforge | Found Exp. Terror Saw 35102 | -3/Protoforge | Destroyed Immortal 35156 | -3/Protoforge | Found Cep. Arcsight Missile Launcher 35210 | -3/Protoforge | Found Cep. Antigrav Storage Unit 35222 | -3/Protoforge | Found Cep. Chromion Battery 35239 | -3/Protoforge | Found Prototype Device 35239 | -3/Protoforge | Identified Exp. Shock Absorption System 35252 | -3/Protoforge | Found Cep. Matter Streamer 35254 | -3/Protoforge | Found Cep. NT7 Matterbank 35338 | -3/Protoforge | Found Femtoactuators 35340 | -3/Protoforge | Found Cep. Weapon Articulator 35344 | -3/Protoforge | Found Femtoactuators 35346 | -3/Protoforge | Found Faulty Femtoactuators 35347 | -3/Protoforge | Found Cep. Weapon Articulator 35348 | -3/Protoforge | Found Cep. Networked Targeting System 35356 | -3/Protoforge | Spotted V216-x 35356 | -3/Protoforge | Spotted V025-g 35406 | -3/Protoforge | Spotted Immortal 35409 | -3/Protoforge | Spotted Immortal 35432 | -3/Protoforge | Destroyed Immortal 35440 | -3/Protoforge | Destroyed Immortal 35477 | -3/Protoforge | Found Cep. Combat Aerolev Unit 35480 | -3/Protoforge | Found Cep. Gyrokinetic System 35488 | -3/Protoforge | Found Cep. Gyrokinetic System 35511 | -3/Protoforge | Spotted V386-b 35511 | -3/Protoforge | Spotted V413-t 35532 | -3/Protoforge | Destroyed V386-b 35544 | -3/Protoforge | Found Prototype Device 35544 | -3/Protoforge | Identified Exp. Focal Shield 35547 | -3/Protoforge | Found Prototype Processor 35547 | -3/Protoforge | Identified Exp. Targeting Computer 35646 | -3/Protoforge | Destroyed V413-t 35648 | -3/Protoforge | Found Cep. Combat Aerolev Unit 35651 | -3/Protoforge | Found Prototype Device 35651 | -3/Protoforge | Identified Adv. Particle Accelerator 35663 | -3/Protoforge | Found Cep. Combat Aerolev Unit 35673 | -3/Protoforge | First assault squad dispatched 35679 | -3/Protoforge | Spotted AP7-3 35679 | -3/Protoforge | Spotted AP7-3 35722 | -3/Protoforge | Destroyed AP7-3 35728 | -3/Protoforge | Destroyed AP7-3 35737 | -3/Protoforge | Found Prototype Energy Gun 35737 | -3/Protoforge | Identified Enh. Gamma Rifle 35744 | -3/Protoforge | Found Prototype Device 35745 | -3/Protoforge | Identified Exp. ECM Suite 35790 | -3/Protoforge | Identified Crosscalibrator 35793 | -3/Protoforge | Found Faulty Cep. Impact Drone Bay 35794 | -3/Protoforge | Found Cep. Impact Drone Bay 35808 | -3/Protoforge | Found Faulty Cep. Blasthammer 35809 | -3/Protoforge | Found Cep. Blasthammer 35847 | -3/Protoforge | Found Cep. Cloak Mesh 35952 | -3/Protoforge | Spotted Decapitator 35952 | -3/Protoforge | Spotted Decapitator 35952 | -3/Protoforge | Spotted Decapitator 35954 | -3/Protoforge | Destroyed Decapitator 35954 | -3/Protoforge | Destroyed Decapitator 35954 | -3/Protoforge | Destroyed Decapitator 35985 | -3/Protoforge | Attached CPS modules to V407-q 36001 | -3/Protoforge | Found Exp. Terror Saw 36014 | -3/Protoforge | Found Cep. Combat Aerolev Unit 36020 | -3/Protoforge | Found Femtoactuators 36028 | -3/Protoforge | Found Prototype Device 36028 | -3/Protoforge | Identified Exp. Actuator Array 36148 | -3/Protoforge | Found Exp. System Purifier 36202 | -3/Protoforge | Spotted EXE-6 36203 | -3/Protoforge | Spotted EXE-6 36212 | -3/Protoforge | Destroyed EXE-6 36219 | -3/Protoforge | Destroyed EXE-6 36223 | -3/Protoforge | Found Prototype Processor 36223 | -3/Protoforge | Identified Exp. Core Analyzer 36228 | -3/Protoforge | Found Exp. Armor Integrity Analyzer 36439 | -3/Protoforge | Found Cep. Core Shell 36441 | -3/Protoforge | Found Cep. Core Shell 36486 | -3/Protoforge | Build established: Scavenger-Gladiator 36531 | -3/Protoforge | Spotted B-86 Titan 36533 | -3/Protoforge | Spotted Hotshot 36534 | -3/Protoforge | Spotted Hotshot 36535 | -3/Protoforge | Entered Research 36535 | -2/Research | Evolved 2 slots: Utility x2 36536 | -2/Research | Identified exit to Testing 36567 | -2/Research | Spotted B-90 Cyclops 36660 | -2/Research | Unchained authorized (QV-33N) 36849 | -2/Research | Entered Testing 36865 | -2/Testing | Found Prototype Protection 36865 | -2/Testing | Identified Hvy. Regenerative Plating 36878 | -2/Testing | Protovariant out of control (PX-1FAAYTR5VW) 36878 | -2/Testing | Unleashed a protovariant (PX-1FAAYTR5VW) 36890 | -2/Testing | Identified Matter Drive 36890 | -2/Testing | Identified Terrabomb 37020 | -2/Testing | Found Prototype Ballistic Cannon 37020 | -2/Testing | Identified Omega Cannon 37185 | -2/Testing | Found Prototype Energy Gun 37185 | -2/Testing | Identified Hyp. EM Gauss Rifle 37322 | -2/Testing | Discovered new exit (range 10) 37337 | -2/Testing | Identified exit to Access 37349 | -2/Testing | First assault squad dispatched 37385 | -2/Testing | Destroyed 22 combat bots 37458 | -2/Testing | Build established: Scavenger-Mutant 37495 | -2/Testing | High security lockdown imminent 37499 | -2/Testing | Destroyed Investigator 37541 | -2/Testing | Destroyed 16 combat bots 37543 | -2/Testing | Found Prototype Launcher 37543 | -2/Testing | Identified Containment Facilitator 37555 | -2/Testing | Found Prototype Launcher 37555 | -2/Testing | Identified Point Singularity Launcher 37558 | -2/Testing | Found Prototype Processor 37558 | -2/Testing | Identified Exp. Terrain Scan Processor 37563 | -2/Testing | Spotted Striker 37567 | -2/Testing | Found Exp. Focal Shield 37575 | -2/Testing | High security lockdown engaged 37633 | -2/Testing | Found Prototype Energy Cannon 37633 | -2/Testing | Identified Disintegrator 37649 | -2/Testing | Found Prototype Ballistic Cannon 37649 | -2/Testing | Identified Perforator 37785 | -2/Testing | Spotted Investigator 37786 | -2/Testing | Scanned by Researcher 37787 | -2/Testing | Destroyed Investigator 37857 | -2/Testing | Destroyed 32 combat bots 37862 | -2/Testing | Lost 3 parts (3u) 37873 | -2/Testing | Spotted Executioner 37873 | -2/Testing | Destroyed Executioner 37935 | -2/Testing | Destroyed 16 combat bots 38025 | -2/Testing | Found Exp. Targeting Computer 38067 | -2/Testing | Spotted Striker 38068 | -2/Testing | Destroyed Striker 38068 | -2/Testing | Spotted Executioner 38074 | -2/Testing | Destroyed Executioner 38108 | -2/Testing | Sterilization system engaged 38108 | -2/Testing | Non-combat units ordered to evacuate 38142 | -2/Testing | Found Exp. Core Analyzer 38156 | -2/Testing | Destroyed 32 combat bots 38208 | -2/Testing | Combat units ordered to evacuate 38210 | -2/Testing | Found Prototype Hackware 38210 | -2/Testing | Identified System Mapper 38258 | -2/Testing | Spotted Alpha 7 38408 | -2/Testing | Ambient heat levels rising (+10) 38524 | -2/Testing | Entered Access 38524 | -1/Access | Evolved 2 slots: Utility x2 38544 | -1/Access | Found Imp. Powered Armor 38564 | -1/Access | Build established: Scavenger-Sprinter 38597 | -1/Access | Found Prototype Launcher 38597 | -1/Access | Identified Mni. Smartbomb Launcher 38758 | -1/Access | Destroyed 20 combat bots 38774 | -1/Access | First assault squad dispatched 38782 | -1/Access | Found Corrupted Prototype Launcher 38812 | -1/Access | Destroyed 7 combat bots 38859 | -1/Access | Identified Enh. Gamma Bomb Array 38867 | -1/Access | Destroyed 7 combat bots 38922 | -1/Access | Unchained authorized (QV-33N) 38936 | -1/Access | High security lockdown imminent 38944 | -1/Access | Identified exit to Command 39016 | -1/Access | High security lockdown engaged 39075 | -1/Access | Destroyed 7 combat bots 39184 | -1/Access | Energy Cycler disabled 39265 | -1/Access | Garrison activated, responded to threat 39305 | -1/Access | Destroyed 7 combat bots 39324 | -1/Access | Lost 6 parts (2p2n1u1w) 39517 | -1/Access | Destroyed 10 combat bots 39671 | -1/Access | Spotted Investigator 39683 | -1/Access | Destroyed Investigator 39694 | -1/Access | Crushed by falling debris 39768 | -1/Access | Found Containment Facilitator 39800 | -1/Access | Spotted Striker 39807 | -1/Access | Spotted Executioner 39808 | -1/Access | Spotted Executioner 39810 | -1/Access | Destroyed Striker 39810 | -1/Access | Destroyed Executioner 39812 | -1/Access | Destroyed Executioner 39836 | -1/Access | Spotted Executioner 39836 | -1/Access | Spotted Executioner 39839 | -1/Access | Destroyed Executioner 39840 | -1/Access | Destroyed Executioner 39860 | -1/Access | Spotted Striker 39862 | -1/Access | Spotted Striker 39872 | -1/Access | Destroyed Striker 39876 | -1/Access | Destroyed Striker 39882 | -1/Access | Spotted Striker 39882 | -1/Access | Spotted Striker 39882 | -1/Access | Spotted Striker 39885 | -1/Access | Spotted Executioner 39886 | -1/Access | Destroyed Striker 39887 | -1/Access | Spotted Striker 39887 | -1/Access | Spotted Executioner 39889 | -1/Access | Destroyed Striker 39890 | -1/Access | Destroyed Striker 39893 | -1/Access | Destroyed Striker 39894 | -1/Access | Destroyed Executioner 39895 | -1/Access | Destroyed Executioner 39924 | -1/Access | Destroyed 54 combat bots 39930 | -1/Access | Lost 4 parts (1n3u) 39987 | -1/Access | Sterilization system engaged 39987 | -1/Access | Spotted Striker 39988 | -1/Access | Spotted Striker 39989 | -1/Access | Spotted Striker 39990 | -1/Access | Destroyed 7 combat bots 39997 | -1/Access | Destroyed Striker 39998 | -1/Access | Destroyed Striker 40003 | -1/Access | Destroyed Striker 40020 | -1/Access | Spotted Striker 40023 | -1/Access | Lost 3 parts (1n2u) 40043 | -1/Access | Destroyed Striker 40089 | -1/Access | Build established: Scavenger-Mutant 40095 | -1/Access | Spotted Executioner 40097 | -1/Access | Spotted Executioner 40125 | -1/Access | Rewired Executioner 40130 | -1/Access | Destroyed Executioner 40230 | -1/Access | Destroyed 7 combat bots 40287 | -1/Access | Ambient heat levels rising (+10) 40317 | -1/Access | Lost 6 parts (2n3u1w) 40328 | -1/Access | Destroyed 11 combat bots 40437 | -1/Access | Ambient heat levels rising (+10) 40501 | -1/Access | Lost 5 parts (2n3u) 40566 | -1/Access | Found Imp. Powered Armor 40587 | -1/Access | Ambient heat levels rising (+10) 40737 | -1/Access | Ambient heat levels rising (+10) 40824 | -1/Access | Spotted B-99 Colossus 40887 | -1/Access | Ambient heat levels rising (+10) 40921 | -1/Access | Found Launcher Loader 40940 | -1/Access | Found Fusion Bomb Launcher+ 41037 | -1/Access | Ambient heat levels rising (+10) 41159 | -1/Access | Found Imp. Powered Armor 41161 | -1/Access | Found Imp. Powered Armor 41187 | -1/Access | Ambient heat levels rising (+10) 41336 | -1/Access | Spotted B-99 Colossus 41337 | -1/Access | Ambient heat levels rising (+10) 41487 | -1/Access | Ambient heat levels rising (+10) 41609 | -1/Access | Spotted B-99 Colossus 41637 | -1/Access | Ambient heat levels rising (+10) 41686 | -1/Access | Found Prototype Launcher 41686 | -1/Access | Identified Gui. Micro-nuke Launcher 41787 | -1/Access | Ambient heat levels rising (+10) 41851 | -1/Access | Entered Command 41852 | -1/Command | Identified exit to Surface 41977 | -1/Command | Incoming investigation squad redirected 41983 | -1/Command | Scraphulk reinforcements arrived? 42045 | -1/Command | Found Prototype Device 42045 | -1/Command | Identified Exp. Cloaking Device 42083 | -1/Command | Found Adv. Force Booster 42101 | -1/Command | First assault squad dispatched 42118 | -1/Command | Incoming assault squad redirected 42161 | -1/Command | Build established: Mutant 42175 | -1/Command | High security lockdown imminent 42222 | -1/Command | Destroyed 10 combat bots 42255 | -1/Command | High security lockdown engaged 42281 | -1/Command | Phase Generator disabled 42430 | -1/Command | Destroyed 14 combat bots 42493 | -1/Command | Destroyed Investigator 42538 | -1/Command | Spotted Executioner 42538 | -1/Command | Spotted Striker 42541 | -1/Command | Destroyed Striker 42544 | -1/Command | Allies destroyed Executioner 42562 | -1/Command | Destroyed 15 combat bots 42641 | -1/Command | Destroyed Executioner 42645 | -1/Command | Destroyed Striker 42647 | -1/Command | Spotted Executioner 42656 | -1/Command | Destroyed Executioner 42701 | -1/Command | Destroyed 26 combat bots 42830 | -1/Command | Spotted Striker 42830 | -1/Command | Spotted Executioner 42830 | -1/Command | Spotted Executioner 42849 | -1/Command | Destroyed 8 combat bots 42857 | -1/Command | Destroyed Striker 42883 | -1/Command | Destroyed Executioner 42885 | -1/Command | Destroyed Executioner 42912 | -1/Command | Spotted Executioner 42912 | -1/Command | Spotted Executioner 42912 | -1/Command | Spotted Executioner 42915 | -1/Command | Destroyed Executioner 42943 | -1/Command | Destroyed Executioner 42954 | -1/Command | Destroyed Executioner 42956 | -1/Command | Found Exp. Targeting Computer 42974 | -1/Command | Lost 3 parts (3u) 42991 | -1/Command | Found Powered Armor 43111 | -1/Command | Spotted Striker 43119 | -1/Command | Destroyed 7 combat bots 43135 | -1/Command | Destroyed Striker 43184 | -1/Command | Spotted Executioner 43184 | -1/Command | Spotted Executioner 43184 | -1/Command | Spotted Executioner 43190 | -1/Command | Core integrity fell below 50% 43197 | -1/Command | Destroyed 14 combat bots 43199 | -1/Command | Spotted Striker 43199 | -1/Command | Spotted Striker 43232 | -1/Command | Destroyed Striker 43237 | -1/Command | Destroyed Striker 43259 | -1/Command | Lost 4 parts (1p3u) 43748 | -1/Command | Destroyed 9 combat bots 43817 | -1/Command | Destroyed Executioner 43864 | -1/Command | Destroyed Executioner 43881 | -1/Command | Destroyed Executioner 43932 | -1/Command | Spotted Striker 43970 | -1/Command | Destroyed Striker 44046 | -1/Command | Found Launcher Loader 44246 | -1/Command | Destroyed 13 combat bots 44287 | -1/Command | Spotted Striker 44288 | -1/Command | Spotted Alpha 7 44300 | -1/Command | Destroyed Striker 44320 | -1/Command | Spotted Alpha 7 44330 | -1/Command | Spotted B-99 Colossus 44331 | -1/Command | Destroyed Alpha 7 44333 | -1/Command | Found Prototype Ballistic Gun 44378 | -1/Command | Destroyed Alpha 7 44439 | -1/Command | Destroyed 8 combat bots 44514 | -1/Command | Identified Multirail 44528 | -1/Command | Destroyed B-99 Colossus 44531 | -1/Command | Found Multirail 44677 | -1/Command | Build established: Scavenger-Mutant 44998 | -1/Command | Spotted Executioner 44998 | -1/Command | Spotted Executioner 44998 | -1/Command | Spotted Executioner 44998 | -1/Command | Spotted Executioner 44998 | -1/Command | Spotted Striker 45021 | -1/Command | Destroyed Executioner 45024 | -1/Command | Destroyed Executioner 45025 | -1/Command | Found Exp. Core Analyzer 45046 | -1/Command | Spotted B-99 Colossus 45052 | -1/Command | Destroyed B-99 Colossus 45054 | -1/Command | Found Multirail 45105 | -1/Command | Found Hvy. Insulated Plating 45151 | -1/Command | Found Adv. Kinecellerator 45217 | -1/Command | Spotted M Guard 45217 | -1/Command | Spotted M Guard 45218 | -1/Command | Spotted Combat Programmer 45218 | -1/Command | Spotted Combat Programmer 45233 | -1/Command | Destroyed Combat Programmer 45285 | -1/Command | Destroyed M Guard 45300 | -1/Command | Destroyed M Guard 45309 | -1/Command | Destroyed Combat Programmer 45309 | -1/Command | All MAIN.C guards destroyed 45324 | -1/Command | Lost 5 parts (4u1w) 45411 | -1/Command | Found Prototype Reactor 45411 | -1/Command | Identified Zero-point Reactor 45452 | -1/Command | Found Thermal Barrier 45693 | -1/Command | Spotted B-99 Colossus 45722 | -1/Command | Destroyed B-99 Colossus 45732 | -1/Command | Found Multirail 45738 | -1/Command | Found Multirail 46448 | -1/Command | Destroyed 34 combat bots 46561 | -1/Command | Destroyed 7 combat bots 46605 | -1/Command | Core integrity fell below 20% 46629 | -1/Command | Lost 11 parts (3n5u3w) 46664 | -1/Command | Destroyed 14 combat bots 46835 | -1/Command | Found Exp. Core Analyzer 47719 | -1/Command | Met MAIN.C 47733 | -1/Command | Destroyed MAIN.C Shell 47733 | -1/Command | 0b10 Conduit disabled 47734 | -1/Command | MAIN.C activated Command garrisons 47746 | -1/Command | Destroyed MAIN.C 47748 | -1/Command | Discovered exit to Surface (range 36) 47748 | -1/Command | Discovered exit to Surface (range 85) 47748 | -1/Command | Extracted map data and part IDs from MAIN.C's data core 47764 | -1/Command | Found Zero-point Reactor 47777 | -1/Command | Lost 3 parts (1p1u1w) 47812 | -1/Command | Found Zero-point Reactor 47817 | -1/Command | Found Centrium Heavy Armor Plating 47856 | -1/Command | Found Omega Cannon 48018 | -1/Command | Used Terrabomb 48779 | -1/Command | Found Zero-point Reactor 48782 | -1/Command | Found Spectral Analyzer 50680 | -1/Command | Found Enh. Gamma Rifle 50703 | -1/Command | Build established: Scavenger-Sprinter 50796 | -1/Command | Warped through subspace to slip node 50796 | -1/Command | Discovered new exit (range 5) 50810 | -1/Command | Entered Access_0 50810 | -1/Access_0 | Accompanied by 6 allies 50811 | -1/Access_0 | Met Architect 50813 | -1/Access_0 | Spotted Enhanced Programmer 50820 | -1/Access_0 | Subspace Access Node disabled 50830 | -1/Access_0 | Allies destroyed Enhanced Programmer 50830 | -1/Access_0 | Subspace Access Node disabled 50853 | -1/Access_0 | Lost 3 allies 50870 | -1/Access_0 | A6 warped into view 50913 | -1/Access_0 | Found Sigix Broadsword 50916 | -1/Access_0 | Spotted Enhanced Programmer 50917 | -1/Access_0 | Found Exp. Phase Shifter 50922 | -1/Access_0 | Lost 3 parts (1n2u) 50932 | -1/Access_0 | Spotted Enhanced Programmer 50937 | -1/Access_0 | Spotted Enhanced Programmer 50944 | -1/Access_0 | Subspace Access Node disabled 50950 | -1/Access_0 | Spotted Enhanced Programmer 50951 | -1/Access_0 | A5 warped into view 50951 | -1/Access_0 | Spotted Enhanced Programmer 50956 | -1/Access_0 | Lost 6 allies 50961 | -1/Access_0 | Spotted Enhanced Programmer 50966 | -1/Access_0 | Destroyed by A6 with Enhanced Force Lance Last Messages --------------- 50961_ Enhanced Programmer resets Enhanced Hunter, system corruption cleaned. 50961_ Enhanced Hunter knocked back. 50961_ Sneak attack on A2. 50961_ Destroyed Imp. Quantum Reactor. 50961_ Quantum Shear penetrates Wall. 50962_ HV Slug penetrates Machine. 50962_ Enhanced Hunter knocked back. 50964_ Sneak attack on A2. 50964_ Impact Drone suffers critical hit (Destroy). 50964_ Impact Drone destroyed. 50964_ HV Slug penetrates Machine. 50965_ HV Slug penetrates Enhanced Hunter. 50965_ HV Slug penetrates Wall. Superquantum Companion releases a shadow of itself that zips off towards Enhanced Hunter. 50966_ Sneak attack on A2. 50966_ Destroyed Imp. Quantum Reactor. 50966_ Exp. Core Shielding destroyed. Map ----- +----------------------------------------------------+ | ?????????????????????????????????????????????????? | | ?????????????????????????????????????????????????? | | ?????????????????????????????????????????????????? | | ????????????????????????????# ???????????????????? | | ????????????????????????????# ???????????????????? | | ???????????????????????????## ??????????????????? | | ???????????????????????????# ?????????????????? | | ???????????????????????????# ?????????????????? | | ???????????????????????????# ????????????????? | | ????????????????????????????# #???????????????? | | ?????????????????????????????# ##?????????????? | | ?????????????????????????????# ?????????????? | | ?????????????????????????????# ???????###???? | | ??????????????????????????????? ##?????# ###?? | | ????????????????????????????????? ##????#"""### | | ???????????????????????????????????# ###### | | ???????????????????????????????????# | | ???????????????????????????????????# %;###" | | ???????????????????????????????????# p ###??# | | ???? ??????????????##????#####?????# p #????# | | ???? ???????###"#####";;#?????# p0 #????# | | ???????# ????#"" ""h"" " ##?? ;; #????# | | ????????# ##" n %;#;;;; ##????# | | ?????????# p % ##????## | | ?????????# p p % ##?????#" | | ?????????? ###### % @p%%##;;;#;####"#??????## | | ?????????????????#"" ""h "p %;#??# #???###???????# | | ?????????????????###"##;##";;; #? ???????????????# | | ???????????????????##?# ?#######?????????????????# | | ??????????????????????##?????????????????????????# | | ????????????????????????????????????????????????## | | ??????????????????????????????????????????????### | | ??????????????????????????????????????????????# | | ??????????????????????????????????????????????# | | ??????????????????????????????????????????????###" | | ????????????????????????????????????????????????## | | ?????????????????????????????????????????????????# | | ?????????????????????????????????????????????????# | | ?????????????????????????????????????????????????? | | ?????????????????????????????????????????????????? | | ?????????????????????????????????????????????????? | | ?????????????????????????????????????????????????? | | ?????????????????????????????????????????????????? | | ?????????????????????????????????????????????????? | | ?????????????????????????????????????????????????? | | ?????????????????????????????????????????????????? | | ?????????????????????????????????????????????????? | | ?????????????????????????????????????????????????? | | ?????????????????????????????????????????????????? | | ?????????????????????????????????????????????????? | +----------------------------------------------------+ Best States ------------- Heat Dissipation 171 Energy Generation 71 Energy Capacity 1400 Matter Stores 300 Matter Capacity 300 Sight Range 24 Robot Scan Range 16 Terrain Scan Range 24 Terrain Scan Density 10 Cloak Strength 6 EM Shielding 3 Corruption Block 9 Armor Coverage 2400 Resistance: KI 30 Resistance: TH 50 Resistance: EX 75 Resistance: EM 75 Core Shielding 90 Propulsion Shielding 90 Utility Shielding 90 Weapon Shielding 90 Point Defense Rating 240 Weapon Cycling 30 Melee Speed Boost 50 Phase Shifting 20 Evasion (%) 93 Targeting Accuracy 42 Melee Accuracy 8 Launcher Accuracy 60 Target Analysis 8 Core Analysis 12 Armor Integrity Analysis 50 Recoil Reduction 6 Matter Filtering 50 Particle Charging 30 Kinecelleration 50 Force Boost 40 Salvage Targeting 4 Offensive Hacking 24 Defensive Hacking 12 Authchip Count 3 Trap Extractor Capacity 8 Item Schematics ----------------- Reactive Plating | -9/Recycling | Hacked Launcher Guidance Computer | -9/Recycling | Hacked CPS Tube | -6/Factory | Scanalyzed Adv. System Restoration Module | -6/Factory | Scanalyzed F-cell Engine | -6/Factory | Scanalyzed Multitool | -6/Factory | Scanalyzed Antigrav Array | -6/Factory | Downloaded Combat Drone Bay | -6/Data Miner | Free Lgt. Regenerative Plating | -6/Data Miner | Free Cld. Nuclear Pulse Thruster | -6/Data Miner | Free Imp. Energy Well | -6/Data Miner | Free Kinetic Spear | -6/Data Miner | Free Adv. Medium Treads | -6/Data Miner | Free Adv. Trap Scanner | -6/Data Miner | Free Hvy. Disruptor Cannon | -6/Data Miner | Free Cmb. Linear Gravjet | -5/Factory | Scanalyzed Weapon Mount | -5/Factory | Hacked Imp. Arc Thrower | -5/Zhirov | Free Exp. Optical Array | -5/Zhirov | Free Exp. Heat Sink | -5/Zhirov | Free Assault Drone Bay | -5/Zhirov | Free Adv. Powered Armor | -3/Quarantine | Scanalyzed Cld. Impulse Thruster | -3/Protoforge | Archive Exp. Matter Compressor | -3/Protoforge | Archive Exp. Power Amplifier | -3/Protoforge | Archive Hvy. Antimatter Reactor | -3/Protoforge | Archive Exp. Melee Analysis Suite | -3/Protoforge | Archive Prc. Matter Filter | -3/Protoforge | Archive Spectral Analyzer | -3/Protoforge | Archive Enh. Armored Leg | -3/Protoforge | Archive Adv. Myomer Leg | -3/Protoforge | Archive Thermal Barrier | -2/Testing | Archive Hvy. Neutron Cannon | -2/Testing | Archive Imp. Matter Compressor | -2/Testing | Archive Exp. Gyrokinetic Inverter | -2/Testing | Archive Adv. Matter Compressor | -2/Testing | Archive Cld. Linear Gravjet | -2/Testing | Archive Robot Schematics ------------------ Y-64 Sentinel | -6/Data Miner | Free H-66 Slayer | -6/Data Miner | Free R-10 Processor | -6/Data Miner | Free O-32 Director | -6/Data Miner | Free B-60 Warrior | -6/Data Miner | Free A-27 Freighter | -3/Protoforge | Archive G-67 Veteran | -3/Protoforge | Archive A-02 Transporter | -3/Protoforge | Archive S-43 Plague | -3/Protoforge | Archive B-74 Champion | -3/Protoforge | Archive A-15 Conveyor | -2/Testing | Archive T-07 Excavator | -2/Testing | Archive H-88 Terminator | -2/Testing | Archive Fabricated ------------ H-66 Slayer | x2 | -6/Factory | Preloaded Mic. Antimatter Reactor | x2 | -6/Factory | Preloaded Antigrav Array | x1 | -6/Factory | Authchip Antigrav Array | x1 | -6/Factory Cmb. Linear Gravjet | x2 | -5/Factory | Authchip Cmb. Linear Gravjet | x2 | -5/Factory | Authchip Assault Drone Bay | x1 | -4/Factory | Authchip Assault Drone Bay | x1 | -4/Factory | Authchip Weapon Mount | x2 | -4/Factory | Authchip Antigrav Array | x1 | -4/Factory | Authchip Repaired ---------- Cld. Airjet | 50% | -6/Factory Cld. Airjet | 51% | -6/Factory Imp. Heavy Armor Plating | 3% | -6/Factory Cld. Antigrav System | 38% | -3/Research Studied --------- Gravmag Array | -6/Factory | Hacked Gravmag System | -6/Factory | Hacked Imp. Gravmag System | -6/Factory | Hacked Lrn. Missile Launcher | -6/Factory | Hacked Imp. Antigrav System | -5/Factory | Hacked Mic. Antimatter Reactor | -5/Factory | Hacked Cmb. Linear Gravjet | -4/Factory | Hacked Mic. Fission Core | -4/Factory | Hacked Fusion Bomb Launcher | -3/Quarantine | Hacked Alien Tech Used ----------------- Core Expander Integrated Reactor Dimensional Node Initializer Sigix Broadsword Subatomic Replicator Core Stripper Phase Armor Matter Drive Terrabomb Transdimensional Reconstructor Achievements -------------- None Challenges ------------ None Game ------ Seed DimensionalPrecisionDetector Manual? 0 Play Time 10:46:38 Cumulative 1040.7 hours Start 2026.08.23 @ 23:20:32 End 2026.08.24 @ 23:23:29 Sessions 3 Manual Loads 0 Difficulty Rogue Special Mode None Game No. 292 Rogue 292 Adventurer 0 Explorer 0 Win Type - Total 46 Types 13/10/11/2/2/0/4/1/1/2 Lore% 96 Gallery% 91 Achievement% 87 Wizard Run 0 Options --------- Layout 1 ASCII 0 Keyboard 0 Movement Mouse Keybinds 0 Fullscreen 2 Font 32/SmallcapsGlow Map View 50x35 Zoom Use 0% Tactical HUD 1 Map Filters NONE Filters NONE Steam 1 RUN: 45427c6b-031d-466e-be0e-3264efc41ac7